 Dungeon Crawl Stone Soup version 0.31-a0-7-g51783674b7 (webtiles) character file.

Game seed: 2079015313806413666

1645620 Sobieck the Intangible (level 27, 165/175 HPs)
             Began as a Tengu Hunter on May 4, 2023.
             Was an Elder of Hepliaklqana.
             Escaped with the Orb
             ... and 3 runes on May 5, 2023!
             The game lasted 04:51:36 (72545 turns).

Sobieck the Intangible (Tengu Hunter)              Turns: 72545, Time: 04:51:36

Health: 165/175    AC: 15    Str: 17      XL:     27
Magic:  36/36      EV: 57    Int: 15 (16) God:    Hepliaklqana [****..]
Gold:   3151       SH: 27    Dex: 31      Spells: 31/40 levels left

rFire   + . .        a - +9 hand crossbow (freeze) {crossbow}
rCold   + . .        w - +4 kite shield
rNeg    . . .        c - +1 ring mail of the Beginning {Dex+6}
rPois   +            P - +2 hat
rElec   +            x - +2 cloak {Will+}
rCorr   .            d - +1 pair of gloves of Fehi {rPois rF+ Will++}
SInv    +            (boots unavailable)
Will    +++++        h - amulet "Wuduicvi" {Reflect rElec rC+ Int+3 Dex-4 SH+5}
Stlth   +            I - ring "Waetun Cana" {Str+6 SInv}
HPRegen 1.29/turn    q - ring of the Hare {EV+10}
MPRegen 0.25/turn

%: reflection
@: flying quickly and evasively, studying 2 skills, quick
A: reduced essence, beak, talons 3, nimble flight, deformed body, regeneration
1, subdued magic 1
0: Orb of Zot
}: 3/15 runes: barnacled, silver, gossamer
a: Renounce Religion, Recall Ancestor, Ancestor Identity, Transference, Idealise


You escaped.
You worshipped Hepliaklqana.
Hepliaklqana was greatly pleased with you.
You visited 10 branches of the dungeon, and saw 48 of its levels.
You visited 2 bazaars.
You also visited: Trove, Gauntlet and Wizlab.

You collected 8716 gold pieces.
You spent 5565 gold pieces at shops.


Innate Abilities, Weirdness & Mutations

Your life essence is reduced to manifest your ancestor. (-10% HP)
You have a beak for a mouth.
You have claws for feet.
Your magical nature lets you fly swiftly and evasively.
Armour fits poorly on your strangely shaped body.
Your natural rate of healing is unusually fast.
Your spells are a little easier to cast, but a little less powerful.


   Skills:
 + Level 25.7 Fighting
 - Level 18.0 Ranged Weapons
 - Level 16.0 Armour
 O Level 27 Dodging
 - Level 5.0 Stealth
 - Level 17.2 Shields
 - Level 7.0 Spellcasting
 - Level 7.0 Hexes
 - Level 7.0 Translocations
 - Level 16.0 Invocations


You had 31 spell levels left.
You knew the following spells:

 Your Spells              Type           Power      Damage    Failure   Level
a - Portal Projectile     Hex/Tloc       40%        N/A       3%          3
b - Apportation           Tloc           40%        N/A       1%          1
c - Yara's Violent Unrav  Hex/Tmut       6%         3d5       87%         5

Your spell library contained the following spells:

 Spells                   Type           Power      Damage    Failure   Level
 Slow                     Hex            80%        N/A       1%          1
 Confusing Touch          Hex            20%        N/A       3%          3
 Tukima's Dance           Hex            20%        N/A       3%          3
 Ensorcelled Hibernation  Hex/Ice        24%        N/A       9%          2
 Cause Fear               Hex            10%        N/A       14%         4
 Manifold Assault         Tloc           20%        N/A       14%         4
 Passage of Golubria      Tloc           20%        N/A       14%         4
 Inner Flame              Hex/Fire       12%        N/A       19%         3
 Summon Guardian Golem    Hex/Summ       12%        N/A       19%         3
 Vhi's Electric Charge    Tloc/Air       24%        N/A       19%         3
 Volatile Blastmotes      Fire/Tloc      24%        2d12      19%         3
 Beastly Appendage        Tmut           8%         N/A       26%         1
 Foxfire                  Conj/Fire      16%        2x1d4     26%         1
 Kiss of Death            Conj/Necr      16%        2d6       26%         1
 Magic Dart               Conj           16%        1d3       26%         1
 Necrotise                Necr           16%        1d4       26%         1
 Shock                    Conj/Air       16%        1d4       26%         1
 Sting                    Tmut/Pois      16%        1d3       26%         1
 Summon Small Mammal      Summ           16%        N/A       26%         1
 Cigotuvi's Dreadful Rot  Necr/Pois/Air  8%         N/A       36%         2
 Passwall                 Tmut/Erth      3%         N/A       36%         2
 Poisonous Vapours        Pois/Air       8%         N/A       36%         2
 Scorch                   Fire           8%         2d5       36%         2
 Searing Ray              Conj           8%         2d4       36%         2
 Static Discharge         Conj/Air       8%         2-3/arc   36%         2
 Sublimation of Blood     Necr           4%         N/A       36%         2
 Wereblood                Tmut           4%         N/A       36%         2
 Anguish                  Hex/Necr       6%         N/A       52%         4
 Fulminant Prism          Conj/Hex       6%         3d7       52%         4
 Iskenderun's Mystic Bla  Conj/Tloc      12%        2d5       52%         4
 Leda's Liquefaction      Hex/Erth       6%         N/A       52%         4
 Call Canine Familiar     Summ           4%         N/A       61%         3
 Frozen Ramparts          Ice            8%         1d2       61%         3
 Hailstorm                Conj/Ice       4%         3d4       61%         3
 Ignite Poison            Fire/Tmut/Pois 4%         N/A       61%         3
 Mephitic Cloud           Conj/Pois/Air  4%         N/A       61%         3
 Ozocubu's Armour         Ice            4%         N/A       61%         3
 Spider Form              Tmut/Pois      4%         N/A       61%         3
 Swiftness                Air            4%         N/A       61%         3
 Vampiric Draining        Necr           4%         2d6       61%         3
 Metabolic Englaciation   Hex/Ice        6%         N/A       87%         5
 Summon Forest            Summ/Tloc      6%         N/A       87%         5
 Summon Mana Viper        Hex/Summ       12%        N/A       87%         5
 Dispersal                Tloc           10%        N/A       93%         6
 Airstrike                Air            2%         2d(1-17)  95%         4
 Animate Armour           Summ/Erth      8%         N/A       95%         4
 Animate Dead             Necr           4%         N/A       95%         4
 Dispel Undead            Necr           4%         3d7       95%         4
 Flame Wave               Conj/Fire      4%         2d5       95%         4
 Ice Form                 Ice/Tmut       4%         N/A       95%         4
 Olgreb's Toxic Radiance  Pois           4%         N/A       95%         4
 Petrify                  Tmut/Erth      4%         N/A       95%         4
 Sticky Flame             Conj/Fire      4%         2d3       95%         4
 Summon Ice Beast         Ice/Summ       4%         N/A       95%         4
 Summon Lightning Spire   Summ/Air       4%         N/A       95%         4
 Agony                    Necr           4%         N/A       100%        5
 Arcjolt                  Conj/Air       2%         1d12      100%        5
 Blade Hands              Tmut           2%         N/A       100%        5
 Fireball                 Conj/Fire      2%         3d4       100%        5
 Freezing Cloud           Conj/Ice/Air   2%         6-21      100%        5
 Iskenderun's Battlesphe  Conj           4%         2d6       100%        5
 Lee's Rapid Deconstruct  Erth           2%         3d4*      100%        5
 Death Channel            Necr           2%         N/A       100%        6
 Iron Shot                Conj/Erth      2%         9d2       100%        6
 Plasma Beam              Fire/Air       2%         2x1d13    100%        6
 Simulacrum               Ice/Necr       2%         N/A       100%        6
 Starburst                Conj/Fire      2%         6d3       100%        6
 Statue Form              Tmut/Erth      2%         N/A       100%        6
 Summon Cactus Giant      Summ           2%         N/A       100%        6
 Enfeeble                 Hex            10%        N/A       100%        7
 Haunt                    Necr/Summ      2%         N/A       100%        7
 Ozocubu's Refrigeration  Ice            2%         4d7       100%        7
 Summon Hydra             Summ           2%         N/A       100%        7
 Disjunction              Tloc           10%        N/A       100%        8
 Ignition                 Fire           2%         3d3       100%        8
 Infestation              Necr           2%         N/A       100%        8
 Lehudib's Crystal Spear  Conj/Erth      2%         10d2      100%        8
 Maxwell's Capacitive Co  Air            2%         ∞         100%        8
 Polar Vortex             Ice            2%         N/A       100%        9

Inventory:

Hand Weapons
 a - a +9 hand crossbow of freezing (weapon) {crossbow}
   (You subdued it in a wizard's laboratory)
 b - the +2 hand crossbow of Integrity {heavy, rF+++, crossbow}
   (You acquired it on level 5 of the Lair of Beasts)

   rF:        It renders you almost immune to fire.
Armour
 c - the +1 ring mail of the Beginning (worn) {Dex+6}
   (You bought it in a shop on level 15 of the Dungeon)

   Dex:       It affects your dexterity (+6).
 d - the +1 pair of gloves of Fehi (worn) {rPois rF+ Will++}
   (You found it on level 5 of the Lair of Beasts)

   rF:        It protects you from fire.
   rPois:     It protects you from poison.
   Will:      It greatly increases your willpower.
 w - a +4 kite shield (worn)
   (You took it off a vault guard on level 5 of the Vaults)
 x - a +2 cloak of willpower (worn)
   (You found it in a Gauntlet)
 N - a scarf of repulsion
   (You found it on level 4 of the Spider Nest)
 P - a +2 hat (worn)
   (You found it in a Gauntlet)
 Z - a +2 tower shield of protection
   (You took it off a draconian knight on level 5 of the Realm of Zot)
Jewellery
 h - the amulet "Wuduicvi" (around neck) {Reflect rElec rC+ Int+3 Dex-4 SH+5}
   (You bought it in a shop in a bazaar)

   [amulet of reflection]

   It reflects blocked missile attacks.
   Int:       It affects your intelligence (+3).
   Dex:       It affects your dexterity (-4).
   rC:        It protects you from cold.
   rElec:     It insulates you from electricity.
   SH:        It affects your SH (+5).
 j - a ring of protection from cold
   (You found it in a treasure trove)
 m - the ring "Kefiuv" {rC+ Dex+3}
   (You took it off a deep elf death mage on level 3 of the Elven Halls)

   [ring of protection from cold]

   Dex:       It affects your dexterity (+3).
   rC:        It protects you from cold.
 o - the ring "Togy" {rElec rC+ Str+9 Stlth-}
   (You found it in a treasure trove)

   [ring of protection from cold]

   Str:       It affects your strength (+9).
   rC:        It protects you from cold.
   rElec:     It insulates you from electricity.
   Stlth:     It makes you less stealthy.
 q - the ring of the Hare (right hand) {EV+10}
   (You bought it in a shop in a bazaar)

   [ring of evasion]

   EV:        It affects your evasion (+10).
 t - the ring of the Scarab {Ice Contam +Blink rElec Slay+4}
   (You found it on level 3 of the Shoals)

   [ring of ice]

   It enhances your ice magic.
   Slay:      It affects your accuracy & damage with ranged weapons and melee
   (+4).
   rF:        It makes you vulnerable to fire.
   rC:        It protects you from cold.
   rElec:     It insulates you from electricity.
   +Blink:    It lets you blink.
   Contam:    It causes magical contamination when unequipped.
 u - the ring "Iprux" {rN+ Int+5}
   (You found it on level 2 of the Dungeon)

   [ring of positive energy]

   Int:       It affects your intelligence (+5).
   rN:        It protects you from negative energy.
 A - a ring of ice
   (You found it on level 1 of the Depths)
 E - the ring "Mabbav" {Will+ rCorr Slay+5}
   (You acquired it on level 5 of the Dungeon)

   [ring of resist corrosion]

   Slay:      It affects your accuracy & damage with ranged weapons and melee
   (+5).
   rCorr:     It protects you from acid and corrosion.
   Will:      It increases your willpower.
 H - the amulet "Utsipag" {Acrobat +Inv rN+ SInv}
   (You acquired it on level 9 of the Dungeon)

   [amulet of the acrobat]

   It increases your evasion while moving and waiting.
   rN:        It protects you from negative energy.
   SInv:      It lets you see invisible.
   +Inv:      It lets you turn invisible.
 I - the ring "Waetun Cana" (left hand) {Str+6 SInv}
   (You found it in a Gauntlet)

   [ring of strength]

   Str:       It affects your strength (+6).
   SInv:      It lets you see invisible.
 R - the ring "Jiosoga" {rPois rCorr}
   (You found it in a Gauntlet)

   [ring of poison resistance]

   rPois:     It protects you from poison.
   rCorr:     It protects you from acid and corrosion.
 S - the ring "Jesefuk" {rElec rN+ Str+6 Int-3}
   (You bought it in a shop on level 15 of the Dungeon)

   [ring of strength]

   Str:       It affects your strength (+6).
   Int:       It affects your intelligence (-3).
   rElec:     It insulates you from electricity.
   rN:        It protects you from negative energy.
 U - a ring of protection from fire
   (You found it on level 11 of the Dungeon)
Wands
 g - a wand of acid (44)
   (You found it on level 2 of the Shoals)
 s - a wand of mindburst (20)
   (You found it on level 3 of the Elven Halls)
 M - a wand of iceblast (63)
   (You found it on level 6 of the Dungeon)
 O - a wand of flame (47)
   (You found it on level 1 of the Lair of Beasts)
 X - a wand of digging (19)
   (You bought it in a shop on level 7 of the Dungeon)
Scrolls
 f - 3 scrolls of vulnerability {!r!r}
 p - 29 scrolls of teleportation {@r4}
 y - 13 scrolls of immolation {!r!r}
 z - 3 scrolls of fear
 B - 6 scrolls of magic mapping {!r}
 F - 3 scrolls of noise {!r}
 Q - 7 scrolls of silence {!r}
 W - 8 scrolls of poison {!r}
 Y - 11 scrolls of fog
Potions
 e - 11 potions of lignification {!q}
 i - 3 potions of cancellation
 k - 3 potions of mutation {!q}
 l - 7 potions of berserk rage {!q}
 n - 30 potions of curing {@q1}
 r - 13 potions of attraction {!q}
 v - a potion of resistance
 C - 9 potions of brilliance
 D - 4 potions of heal wounds {@q2}
 G - a potion of haste {@q3}
 J - 4 potions of invisibility
 K - 6 potions of ambrosia
 L - 6 potions of magic
 T - 6 potions of might

Dungeon Overview and Level Annotations

Branches:
Dungeon (15/15)            Temple (1/1) D:7            Lair (5/5) D:10
 Shoals (4/4) Lair:3       Spider (4/4) Lair:2        Slime (0/5) Lair:5
    Orc (2/2) D:10            Elf (3/3) Orc:2        Vaults (5/5) D:13
  Crypt (0/3) Vaults:3     Depths (4/4) D:15            Zot (5/5) Depths:4
 WizLab (visited)         Gauntlet (visited)

Altars:
Ashenzari
Cheibriados
Dithmenos
Elyvilon
Fedhas
Gozag
Hepliaklqana
Kikubaaqudgha
Makhleb
Nemelex Xobeh
Okawaru
Qazlal
Ru
Sif Muna
Trog
Uskayaw
Vehumet
Wu Jian
Xom
Yredelemnul
Zin
The Shining One
Jiyva
Lugonu

Shops:
D:3 *   D:7 *   D:10 (   D:13 !   D:15 *[(=   Orc:2 [(:!   Elf:2 =   Vaults:4 (
Vaults:5 (

Portals:
Hell: Depths:1 Depths:2 Depths:3 Depths:4
Abyss: Lair:5 Depths:2 Depths:3
Pandemonium: Depths:1 Depths:2
Ziggurat: Depths:3

Annotations:
D:3 1 runed translucent door, 123456's ghost, amateur MiFi
Lair:5 1 runed translucent door
Spider:4 2 transporters, Haunul's ghost, adept GrCj
Elf:1 3 runed translucent doors, Zonian's ghost, adept SpBr
Zot:2 2 transporters

.#
#.....2################......♣
.# #........## #....... ##
####...#..## #......#
####L#..## #####>.#
##########..#..## #######....
#.#..#......&#..## #..........
#.#..#..###...#..##
#....###'##
#.##...#.....#....#
#...##.....
..'..#.'.....'.1@.#
###.#..#.#.
#.#..#.####..#....#
#...'.#)#.#
#..##.....#..######
#...#..#.#. #......##...##
#...##..... #############
#####....###'## #
#...'.....).... ###
#.###.....##.#. ..#
#.#.......##.#. #.#
#.#.......##.#.


You could see Laeticw, a lich and an Executioner (fast).


Message History

The rock shatters into small pieces.
Unknown command.
Danger!
You shoot a bolt. The bolt hits the Orb Guardian!
The bolt freezes the Orb Guardian.
The Orb Guardian completely misses you.
You shoot a bolt. The bolt hits the Orb Guardian!!
The bolt freezes the Orb Guardian!
You block the Orb Guardian's attack.
You hear a grinding noise.
You shoot a bolt. The bolt hits the Orb Guardian!!
The bolt freezes the Orb Guardian.
The Orb Guardian hits you!! The Orb Guardian completely misses you.
You shoot a bolt. The bolt hits the Orb Guardian.
The bolt freezes the Orb Guardian.
The Orb Guardian completely misses you.
Some rock shatters into small pieces.
A cacodemon comes into view.
You shoot a bolt. The bolt hits the Orb Guardian.
The bolt freezes the Orb Guardian.
You block the Orb Guardian's attack. The Orb Guardian completely misses you.
Unknown command.
Mbali is recalled.
The Orb Guardian completely misses you.
A lich comes into view.
You swap places.
Mbali blocks the Orb Guardian's attack.
Mbali hits the Orb Guardian with a +0 broad axe of speed!!
The Orb Guardian dies!
Laeticw comes into view. It is armed with a vampiric touch.
Unknown command.
The lich casts a spell.
The lich seems to speed up.
Unknown command.
You reach down and open the door.
Some rock shatters into small pieces.
Danger!
Hepliaklqana grants Mbali healing and protection!
Something hits Mbali!!
You hear a grinding noise.
There is an open door here.
You hear a grinding noise.
Danger!
The cacodemon gestures at the rock wall.
You hear a grinding noise.
Laeticw hits Mbali but does no damage.
Mbali hits Laeticw with a +0 broad axe of speed!
Laeticw hits Mbali!!
Mbali blocks Laeticw's attack.
Mbali hits Laeticw with a +0 broad axe of speed!!
Mbali hits the lich with a +0 broad axe of speed!!
Mbali blocks the lich's attack.
Some rock shatters into small pieces.
Laeticw hits Mbali!!
Something touches Mbali but does no damage.
Something hits Mbali but does no damage.
Something closely misses Mbali.
Something hits Mbali.
Aiming: Dig
Press: ? - help, Shift-Dir - straight line A rock wall.
This square is covered in magical glow.
The rock shatters into small pieces.
An Executioner comes into view.
Mbali blocks Laeticw's attack.
Mbali casts a spell.
Mbali seems to speed up.
Something hits Mbali!!
Mbali is destroyed!
The cacodemon gestures at the rock wall.
You hear a grinding noise.
The Executioner gestures.
The Executioner seems to speed up.
The Executioner completely misses you. You block the Executioner's attack. x2
The Executioner completely misses you. x3; You block the Executioner's attack.
The Executioner completely misses you. You block the Executioner's attack.
You hear a grinding noise.
You block the Executioner's attack. x2
The Executioner hits you but does no damage.
You block the Executioner's attack.
The Executioner completely misses you. x2
The Executioner misses you.
The Executioner completely misses you. x2
You block the Executioner's attack. The Executioner completely misses you.
You block the Executioner's attack. x2; The Executioner completely misses you. x2
The Executioner attacks as you move away!
The Executioner completely misses you. x2
The Executioner hits you but does no damage.
You block the Executioner's attack.
The Executioner completely misses you. x2
You block the Executioner's attack. x2; The Executioner completely misses you.
The lich is no longer moving quickly.
You block the Executioner's attack. The Executioner completely misses you.
The Executioner closely misses you. You block the Executioner's attack.
The Executioner completely misses you. The Executioner closely misses you.
The Executioner attacks as you move away!
The Executioner completely misses you. You block the Executioner's attack. x2
The cacodemon gestures next to Laeticw.
You hear a grinding noise.
You block the Executioner's attack.
The Executioner completely misses you. x2
There is a staircase leading out of the dungeon here.
Unknown command.
You block the Executioner's attack. The Executioner misses you.
You block the Executioner's attack. The Executioner hits you!
You block the Executioner's attack.
The Executioner hits you but does no damage.
The Executioner completely misses you. The Executioner hits you.
The Executioner completely misses you.
You have escaped!

Skill      XL: |  1  2  3  4  5  6  7  8  9 10 11 12 13 14 15 16 17 18 19 20 21 22 23 24 25 26 27 |
---------------+----------------------------------------------------------------------------------+-----
Ranged Weapons | 5 6 7 8 9 11 12 13 14 16 18 | 18.0
Dodging        | 3 4 5 6 7 8 9 10 11 12 15 16 17 20 21 22 23 24 25 27 | 27.0
Fighting       | 3 4 5 7 8 9 10 11 14 15 17 18 19 20 22 25 | 25.7
Invocations    | 3 7 8 9 10 11 12 13 15 16 | 16.0
Stealth        | 3 4 5 |  5.0
Armour         | 2 5 9 10 16 | 16.0
Shields        | 5 12 17 | 17.2
Spellcasting   | 6 7 |  7.0
Translocations | 5 6 7 |  7.0
Hexes          | 5 7 |  7.0

Action                     |  1- 3 |  4- 6 |  7- 9 | 10-12 | 13-15 | 16-18 | 19-21 | 22-24 | 25-27 || total
---------------------------+-------+-------+-------+-------+-------+-------+-------+-------+-------++-------
  Melee: Shortbow          |       |     1 |       |       |       |       |       |       |       ||     1
   Fire: Shortbow          |    68 |   100 |   195 |   385 |       |       |       |       |       ||   748
         Longbow           |       |       |       |   155 |   263 |       |       |       |       ||   418
         Hand crossbow     |       |       |       |       |   406 |   830 |   545 |  1328 |  1344 ||  4453
   Cast: Apportation       |       |       |       |       |       |       |     2 |       |       ||     2
 Invoke: Recall Ancestor   |       |       |     2 |     3 |     4 |    13 |     7 |     3 |    16 ||    48
         Ancestor Life: Kn |       |       |     1 |       |       |       |       |       |       ||     1
         Idealise          |       |       |       |     4 |     5 |    11 |     7 |     9 |    16 ||    52
         Transference      |       |       |       |     2 |     1 |       |     1 |     1 |     1 ||     6
  Evoke: Wand              |       |       |       |       |     3 |       |       |       |     7 ||    10
    Use: Potion            |       |     7 |       |     1 |     3 |     3 |     1 |       |    28 ||    43
         Scroll            |       |     7 |     6 |    15 |     9 |     6 |    13 |     6 |    20 ||    82
 Armour: Leather armour    |    14 |       |     5 |     4 |     6 |       |       |       |       ||    29
         Skin              |       |    35 |       |       |       |       |       |       |     2 ||    37
         Ring mail         |       |       |       |       |       |    78 |     9 |    14 |    20 ||   121
  Dodge: Dodged            |    17 |     5 |    25 |    60 |    80 |   643 |   194 |   522 |   478 ||  2024
         Repelled          |       |       |       |       |       |       |     2 |     5 |    12 ||    19
  Block: Buckler           |       |       |       |       |    16 |   173 |    53 |   193 |       ||   435
         Reflection        |       |       |       |       |       |       |       |     6 |    22 ||    28
         Kite shield       |       |       |       |       |       |       |       |    69 |   331 ||   400

Levels and vault maps discovered:
D:1:      dpeg_arrival_erosion, layout_basic, serial_bayou,
          serial_bayou_shore_b, serial_bayou_lagoon_b, serial_bayou_crossing,
          serial_bayou_shore_b, serial_bayou_lagoon_a, minmay_misc_feat_encased,
          amethyst_killhole, minmay_box_of_dots
D:2:      layout_rooms
D:3:      layout_basic, nicolae_hepliaklqana_hazy_memory, serial_shops, shop,
          hellmonk_ghost_happy_afterlife, chequers_serial_rivers_micro_e
D:4:      layout_basic, serial_park_tiny_1, uniq_menkaure, uniq_sigmund
D:5:      layout_loops_corners, kennysheep_slug_shrine, minmay_misc_feat_rugged
D:6:      layout_basic
D:7:      layout_basic, pdpol_wu_jian_five_deadly_venoms, grunt_qazlal_clouds,
          temple_statues, minmay_misc_feat_doors, minmay_misc_feat_diagonals,
          nicolae_island_escapes, uniq_pikel
D:8:      layout_loops_ring, grunt_temple_overflow_diamond, hex_medium
D:9:      layout_basic
D:10:     layout_basic, lair_entry_dummy, orc_0_dummy, serial_shops,
          nicolae_shop_rolling_square
D:11:     layout_basic, uniq_josephine
D:12:     lemuel_ogre_cave, layout_basic, uniq_nessos
D:13:     layout_small_grid, david_vaults_4, serial_shops, shop,
          nrook_pool_corridor
D:14:     layout_layer_cave, serial_rivers, chequers_serial_rivers_small_3,
          chequers_serial_rivers_micro_d, chequers_serial_rivers_small_a,
          chequers_serial_rivers_micro_b, serial_bayou_pond_c,
          gauntlet_entry_generic, pond
D:15:     gammafunk_depths_entry_grave, layout_gridville,
          nicolae_vehumet_altar_sigil, portal_ice_cave_entry_ugly_swarm,
          hangedman_abyss_or_decor_stagger, nicolae_wooded_promenade,
          palyth_stone_intersect, minmay_hedge_maze, grunt_ministairs_4
Temple:   regret_index_temple_generic_petals
Lair:1:   layout_gridlike
Lair:2:   layout_cave_pods, nicolae_spider_entry_non_spiders,
          grunt_megastairs_4, lemuel_fruit_tree
Lair:3:   layout_chaotic_city, nicolae_shoals_entry_roost,
          nicolae_volcano_entry_two_sided, grunt_megastairs_2
Lair:4:   layout_roguey, lemuel_fruit_fields, lemuel_fruit_fields,
          lemuel_fruit_fields
Lair:5:   hellmonk_lair_end_abyssal_woods, layout_cave_pods, slime_entry_2,
          uniq_urug
Shoals:1: argonaut_golden_fleece, layout_shoals, nicolae_shoals_this_corrosion
Shoals:2: layout_shoals, nicolae_shoals_hunting_party
Shoals:3: layout_shoals, uniq_aizul, uniq_ilsuiw
Shoals:4: shoals_end_hellmonk_storm_palace [storm_palace_center_circular,
          storm_palace_corner_grid, storm_palace_corner_altar,
          storm_palace_corner_blocked, storm_palace_corner_reverse_hut]
Spider:1: layout_spider_delve, hangedman_spider_trapstep
Spider:2: layout_spider_delve
Spider:3: nicolae_spider_hilbert_zone_5 [nicolae_spider_hilbert_3_sides_1_open,
          nicolae_spider_hilbert_4_sides_1_open,
          nicolae_spider_hilbert_4_sides_1_open,
          nicolae_spider_hilbert_6_sides_1_open,
          nicolae_spider_hilbert_6_sides_1_open], hellmonk_test_site
Spider:4: hellmonk_spider_rune_endless_swarm, gammafunk_ghost_berserking_beasts,
          spiders_nest_the_unseen
Orc:1:    layout_caves
Orc:2:    st_orc_elflike, layout_caves, serial_shops, bzr_entry_gold,
          uniq_jorgrun
Elf:1:    eino_elf_arrival_customs, layout_loops_corners,
          ebering_ghost_rock_garden, kennysheep_underground_church, drop_trap
Elf:2:    elven_hall_of_blades_hangedman_original [nicolae_blade_bullseye],
          layout_loops_corners, serial_shops, shop, lemuel_upstairs_altar
Elf:3:    nooodl_elf_gasket, layout_geoelf_castle
Vaults:1: nicolae_vaults_network_square, grunt_vaults_hallway_long,
          nicolae_vaults_shipping_containers_4, ontoclasm_vaults_spin,
          hangedman_vaults_slice, grunt_vaults_hallway_short, vaults_mumra_lcd,
          nicolae_vaults_shelves_hall, layout_vaults_quadrants, uniq_saint_roka
Vaults:2: infiniplex_enter_wizlab_glasses, ontoclasm_vaults_misaligned,
          nicolae_vaults_security_offices_1, vaults_dpeg_encased_lava,
          nicolae_vaults_spaceships, ontoclasm_vaults_claustrophobia,
          grunt_vaults_hallway_short, vaults_mumra_minichess, v_misc_2,
          hangedman_vaults_stagger, nicolae_vaults_house_2, grunt_vaults_funnel,
          nicolae_vaults_diamond_1, nicolae_vaults_tetromino_L_1,
          hangedman_vaults_snaps, v_misc_25, layout_vaults_maze_snakey
Vaults:3: minmay_crypt_entry_skeletal_spiral, nicolae_vaults_twisting_passages,
          ontoclasm_vaults_ring_square, nicolae_vaults_little_squares_3,
          v_misc_29, ontoclasm_vaults_ligature, v_misc_28, v_alt_pattern_5,
          v_misc_3, nicolae_vaults_double_plus_1,
          nicolae_vaults_big_angled_halls, nicolae_vaults_big_ls,
          nicolae_vaults_tetromino_L_1, nicolae_vaults_little_guard_posts,
          layout_vaults_ring, serial_shops, freezing_bzr, enter_trove_2
Vaults:4: v_misc_16, nicolae_vaults_house_2, v_pattern_3,
          dpeg_vaults_monster_box, ontoclasm_vaults_chip,
          nicolae_vaults_closet_pinwheel_2, nicolae_vaults_oval_intersection,
          ontoclasm_vaults_ring_large, vaults_mumra_hex, grunt_vaults_diagonal,
          nicolae_vaults_little_squares_5, nicolae_vaults_trapezoid_lopsided_1,
          nicolae_vaults_taking_the_gang_shopping, layout_vaults_omnicross
Vaults:5: uniq_sojobo, uniq_margery
Depths:1: layout_gridville, pan_entry, hangedman_decor_peaks_small,
          grunt_hell_horde, kennysheep_donut, grunt_dithmenos_smoke,
          uniq_asterion
Depths:2: nicolae_cairo_tiling_very_big, layout_cave_shapes,
          abyss_entry_small_statue_room, minmay_misc_feat_plants, hell_entry,
          rand_demon_pan_entry_9
Depths:3: mu_elephants_graveyard, layout_long_grid, enter_ziggurat_f,
          marbit_kobold_abyss_entry, serial_glass, glass_columns_b,
          glass_columns_c, due_unseen_surprise, item_on_display_a,
          minmay_strange_pillars, pf_hell_entry_great_geh,
          kennysheep_pointless_box, uniq_jory
Depths:4: grunt_zot_entry_funnels, layout_basic, hangedman_coc_ice_floe
Zot:1:    layout_misc_corridors, uniq_vv
Zot:2:    gammafunk_the_bubble [the_bubble_gammafunk_grid],
          layout_misc_corridors, bh_zot_lava_cross
Zot:3:    kennysheep_ambush_hall, layout_cellular_growth, drop_trap
Zot:4:    nicolae_moth_party, layout_cathedral_of_symmetry, uniq_grunn
Zot:5:    layout_gridlike

Notes
Turn   | Place    | Note
-------+----------+-------------------------------------------
     0 | D:1      | Sobieck the Tengu Hunter began the quest for the Orb.
     0 | D:1      | Reached XP level 1. HP: 12/12 MP: 2/2
   255 | D:1      | Reached XP level 2. HP: 17/17 MP: 3/3
   274 | D:1      | You pick up a book of the Hunter and begin reading...
   274 | D:1      | You add the spells Call Canine Familiar, Portal Projectile
                  | and Leda's Liquefaction to your library.
   605 | D:1      | You pick up a book of Debilitation and begin reading...
   605 | D:1      | You add the spells Slow, Vampiric Draining and Confusing
                  | Touch to your library.
   750 | D:1      | Reached XP level 3. HP: 22/22 MP: 4/4
  1069 | D:2      | Reached skill level 5 in Ranged Weapons
  1112 | D:2      | Reached skill level 3 in Dodging
  1112 | D:2      | Reached XP level 4. HP: 27/27 MP: 5/5
  1378 | D:2      | Identified the ring "Iprux" {rN+ Int+5}
  1508 | D:3      | Found Watoyk's Assorted Antiques.
  1516 | D:3      | Bought a scroll labelled ASEZUDGH CELY for 30 gold pieces
  1516 | D:3      | Bought a scroll labelled OMUEKK WUNKE for 30 gold pieces
  1516 | D:3      | Bought a silvery potion for 27 gold pieces
  1522 | D:3      | Found a runed translucent door.
  1522 | D:3      | Noticed 123456's ghost (amateur MiFi)
  1581 | D:3      | Found a hazy altar of Hepliaklqana.
  1592 | D:3      | Became a worshipper of Hepliaklqana the Forgotten
  1753 | D:3      | Reached skill level 3 in Fighting
  1753 | D:3      | Gained mutation: Your magical nature lets you fly swiftly
                  | and evasively. [Tengu growth]
  1753 | D:3      | Reached XP level 5. HP: 32/32 MP: 6/6
  1816 | D:3      | You add the spells Sting, Poisonous Vapours and Olgreb's
                  | Toxic Radiance to your library.
  2013 | D:3      | Bought a scroll labelled SYISHR BOODEO for 30 gold pieces
  2172 | D:3      | You pick up a book of Winter and begin reading...
  2172 | D:3      | You add the spells Ozocubu's Armour, Metabolic Englaciation
                  | and Simulacrum to your library.
  2377 | D:3      | Identified the +1 ring mail of Forking Paths {*Corrode
                  | rElec Int+3}
  2553 | D:3      | Acquired 875 gold pieces
  2633 | D:4      | Reached * piety under Hepliaklqana
  2782 | D:4      | Noticed Menkaure
  2817 | D:4      | Killed Menkaure
  2818 | D:4      | Reached skill level 6 in Ranged Weapons
  2818 | D:4      | Reached XP level 6. HP: 22/33 MP: 7/7
  2910 | D:4      | Reached skill level 4 in Dodging
  2911 | D:4      | Noticed Sigmund
  2920 | D:4      | Killed Sigmund
  2921 | D:4      | Reached skill level 4 in Fighting
  2921 | D:4      | Reached skill level 7 in Ranged Weapons
  2921 | D:4      | Reached XP level 7. HP: 38/38 MP: 8/8
  2976 | D:4      | You pick up a book of Changes and begin reading...
  2976 | D:4      | You add the spells Beastly Appendage, Wereblood and Spider
                  | Form to your library.
  3455 | D:5      | Entered Level 5 of the Dungeon
  3515 | D:5      | You pick up a book of Lightning and begin reading...
  3515 | D:5      | You add the spells Vhi's Electric Charge, Arcjolt and
                  | Plasma Beam to your library.
  3550 | D:5      | Reached skill level 8 in Ranged Weapons
  3550 | D:5      | Reached skill level 5 in Dodging
  3651 | D:5      | Reached XP level 8. HP: 43/43 MP: 9/9
  3790 | D:5      | Acquired the ring "Mabbav" {Will+ rCorr Slay+5}
  3833 | D:5      | Reached ** piety under Hepliaklqana
  3842 | D:5      | Remembered your ancestor Mbali as a knight
  3843 | D:5      | Reached skill level 5 in Fighting
  3879 | D:5      | Noticed a yak
  3882 | D:5      | Noticed a yak
  3883 | D:5      | Noticed a yak
  3885 | D:5      | Killed a yak
  3887 | D:5      | Killed a yak
  3888 | D:5      | Reached skill level 9 in Ranged Weapons
  3890 | D:5      | Killed a yak
  3891 | D:5      | Reached skill level 6 in Dodging
  3945 | D:5      | Found a snail-covered altar of Cheibriados.
  4491 | D:6      | Reached XP level 9. HP: 49/49 MP: 10/10
  4615 | D:6      | You pick up a book of Cantrips and begin reading...
  4615 | D:6      | You add the spells Necrotise, Summon Small Mammal and
                  | Apportation to your library.
  4625 | D:6      | You pick up a book of Fire and begin reading...
  4625 | D:6      | You add the spells Foxfire, Fireball and Starburst to your
                  | library.
  4704 | D:6      | Reached skill level 6 in Fighting
  4704 | D:6      | Reached skill level 10 in Ranged Weapons
  4959 | D:6      | Reached *** piety under Hepliaklqana
  5500 | D:7      | Reached skill level 7 in Dodging
  5575 | D:7      | Found an ornate altar of the Wu Jian Council.
  5770 | D:7      | Noticed Pikel
  5865 | D:6      | Killed Pikel
  5866 | D:6      | Reached skill level 11 in Ranged Weapons
  6020 | D:7      | Found a stormy altar of Qazlal.
  6049 | D:7      | Reached skill level 7 in Fighting
  6058 | D:7      | Found a staircase to the Ecumenical Temple.
  6082 | Temple   | Entered the Ecumenical Temple
  6407 | D:7      | Found Yrhughit's Island Escapes.
  6415 | D:7      | Bought a wand of digging (5) for 231 gold pieces
  6415 | D:7      | Bought a scroll of fog for 44 gold pieces
  6415 | D:7      | Bought a scroll of teleportation for 33 gold pieces
  6415 | D:7      | Bought a scroll of blinking for 82 gold pieces
  6415 | D:7      | Bought a scroll of fog for 44 gold pieces
  6469 | D:7      | Reached XP level 10. HP: 33/56 MP: 11/11
  6962 | D:7      | Reached skill level 8 in Dodging
  6962 | D:7      | Reached skill level 1 in Invocations
  7030 | D:8      | Reached skill level 2 in Stealth
  7294 | D:8      | Reached skill level 12 in Ranged Weapons
  7465 | D:8      | Reached skill level 2 in Invocations
  7535 | D:8      | You pick up a book of Conjurations {@e2} and begin
                  | reading...
  7535 | D:8      | You add the spells Magic Dart, Searing Ray and Fulminant
                  | Prism to your library.
  7621 | D:8      | Found a shimmering blue altar of Sif Muna.
  7625 | D:8      | Found a burning altar of Makhleb.
  7628 | D:8      | Found a sacrificial altar of Ru.
  7652 | D:8      | Reached skill level 3 in Stealth
  7838 | D:9      | Acquired the amulet "Utsipag" {Acrobat +Inv rN+ SInv}
  8140 | D:9      | Noticed a two-headed ogre
  8147 | D:9      | Killed a two-headed ogre
  8224 | D:9      | Reached skill level 8 in Fighting
  8235 | D:9      | Reached skill level 3 in Invocations
  8235 | D:9      | Reached XP level 11. HP: 46/61 MP: 14/14
  8309 | D:9      | Reached skill level 9 in Dodging
  8309 | D:9      | Reached skill level 4 in Stealth
  8485 | D:9      | Reached skill level 13 in Ranged Weapons
  8535 | D:9      | HP: 13/61 [wyvern (7)]
  8776 | D:9      | Reached skill level 4 in Invocations
  8854 | D:9      | Reached **** piety under Hepliaklqana
  9277 | D:10     | Entered Level 10 of the Dungeon
  9396 | D:10     | Identified the +5 short sword "Mabygi" {freeze, Stlth+}
  9511 | D:10     | Found a staircase to the Lair.
  9532 | D:10     | Reached skill level 5 in Invocations
  9600 | D:10     | Found Tajynych's Antique Weapon Boutique.
  9757 | D:10     | Found a staircase to the Orcish Mines.
 10185 | D:10     | Reached skill level 6 in Invocations
 10308 | D:10     | Identified the -2 pair of gloves "Kostusok" {rCorr Dex+3}
 10413 | Orc:1    | Entered Level 1 of the Orcish Mines
 10413 | Orc:1    | Noticed a cyclops
 10428 | Orc:1    | Killed a cyclops
 10445 | Orc:1    | Noticed an orc sorcerer
 10460 | Orc:1    | Killed an orc sorcerer
 10461 | Orc:1    | Reached skill level 7 in Invocations
 11035 | Orc:2    | Entered Level 2 of the Orcish Mines
 11045 | Orc:2    | Noticed an orc sorcerer
 11088 | Orc:1    | Reached skill level 1 in Armour
 11122 | Orc:2    | Noticed an orc knight
 11177 | Orc:2    | Killed an orc sorcerer
 11231 | Orc:2    | Found a flickering gateway to a bazaar.
 11239 | Orc:2    | Killed an orc knight
 11254 | Bazaar   | Entered a bazaar
 11254 | Bazaar   | Found Teim Wou's Weapon Shoppe.
 11254 | Bazaar   | Found Mybeisuni's Weapon Emporium.
 11258 | Bazaar   | Found Sikkeil's Assorted Antiques.
 11272 | Bazaar   | Found Roegoisch's Book Shoppe.
 11297 | Bazaar   | Bought a +0 longbow for 58 gold pieces
 11304 | Bazaar   | Bought a knobbly copper ring for 145 gold pieces
 11360 | Orc:2    | Noticed Jorgrun
 11372 | Orc:2    | Killed Jorgrun
 11373 | Orc:2    | Reached skill level 2 in Armour
 11373 | Orc:2    | Reached XP level 12. HP: 67/67 MP: 18/18
 11803 | Orc:2    | Reached skill level 3 in Armour
 11897 | Orc:2    | Found a staircase to the Elven Halls.
 12009 | Orc:2    | Reached skill level 14 in Ranged Weapons
 12108 | Orc:2    | Reached skill level 10 in Dodging
 12127 | Orc:2    | Noticed an orc high priest
 12131 | Orc:2    | Noticed a sun demon
 12137 | Orc:2    | Killed an orc high priest
 12138 | Orc:2    | Reached skill level 4 in Armour
 12183 | Orc:2    | Reached skill level 9 in Fighting
 12183 | Orc:2    | Reached skill level 8 in Invocations
 12183 | Orc:2    | Noticed an orc high priest
 12187 | Orc:2    | Killed an orc high priest
 12195 | Orc:2    | Noticed an orc high priest
 12206 | Orc:2    | Killed an orc high priest
 12345 | Orc:2    | Found Yvotadavag's Distillery.
 12345 | Orc:2    | Found Xeilagul's Book Shoppe.
 12346 | Orc:2    | Found Ruulaewk's Antique Weapon Boutique.
 12346 | Orc:2    | Found Veugog's Antique Armour Boutique.
 12390 | Orc:2    | Bought a runed arbalest for 210 gold pieces
 12398 | Orc:2    | Bought a glowing scarf for 184 gold pieces
 12398 | Orc:2    | Bought a pair of translucent gloves for 218 gold pieces
 12398 | Orc:2    | Identified the +1 pair of gloves of Ruozuvvi {rN+} (You
                  | bought it in a shop on level 2 of the Orcish Mines)
 12536 | Orc:2    | Bought a potion of mutation for 128 gold pieces
 12536 | Orc:2    | Bought a potion of haste for 160 gold pieces
 12536 | Orc:2    | Bought a potion of heal wounds for 80 gold pieces
 12536 | Orc:2    | Bought a potion of curing for 48 gold pieces
 12536 | Orc:2    | Bought 2 potions of haste for 320 gold pieces
 12631 | Lair:1   | Entered Level 1 of the Lair of Beasts
 12749 | Lair:1   | Identified the +8 war axe of Contradiction {flame, Stlth+}
 12934 | Lair:1   | Reached skill level 5 in Armour
 13350 | Lair:2   | Reached XP level 13. HP: 72/72 MP: 20/20
 13437 | Lair:2   | Reached skill level 15 in Ranged Weapons
 13463 | Lair:2   | Found a hole to the Spider Nest.
 13918 | Lair:2   | You pick up a book of Iron and begin reading...
 13918 | Lair:2   | You add the spells Animate Armour, Blade Hands and Iron
                  | Shot to your library.
 14364 | Lair:3   | Found a staircase to the Shoals.
 14447 | Lair:3   | You pick up a book of Blasting and begin reading...
 14447 | Lair:3   | You add the spells Volatile Blastmotes, Iskenderun's Mystic
                  | Blast and Lee's Rapid Deconstruction to your library.
 14484 | Lair:3   | You pick up a book of Debilitation and begin reading...
 14570 | Lair:3   | Reached skill level 11 in Dodging
 14572 | Lair:3   | Reached ***** piety under Hepliaklqana
 14619 | Lair:3   | Identified the amulet "Faytrugi" {Spirit Will- Int+10}
 14637 | Lair:3   | Reached skill level 10 in Fighting
 14729 | Lair:3   | Reached skill level 9 in Invocations
 15062 | Lair:3   | Found a dark tunnel.
 15296 | Lair:3   | Reached skill level 16 in Ranged Weapons
 15443 | Lair:4   | Identified the +9 flail "Wilo" {freeze, Int+4}
 16405 | Lair:5   | Entered Level 5 of the Lair of Beasts
 16672 | Lair:5   | You pick up a book of the Earth and begin reading...
 16676 | Lair:5   | You pick up a book of Ice and begin reading...
 16676 | Lair:5   | You add the spells Ozocubu's Refrigeration and Polar Vortex
                  | to your library.
 16717 | Lair:5   | Reached XP level 14. HP: 79/79 MP: 22/22
 16730 | Lair:5   | Acquired the +2 hand crossbow of Integrity {heavy, rF+++}
 16944 | Lair:5   | Noticed Urug
 16952 | Lair:5   | Killed Urug
 17000 | Lair:5   | Could not pick up a +2 double sword of protection
                  | {longrare=g} and 4 javelins {throwing} here; ([A]lways)
                  | ignore them?
 17159 | Lair:5   | Acquired 702 gold pieces
 17211 | Lair:5   | Identified the +1 pair of gloves of Fehi {rPois rF+ Will++}
 17246 | Lair:5   | Found a runed translucent door.
 17247 | Lair:5   | Found a viscous altar of Jiyva.
 17247 | Lair:5   | Found a staircase to the Slime Pits.
 17247 | Lair:5   | Noticed an azure jelly
 17248 | Lair:5   | Noticed an azure jelly
 17352 | Lair:5   | Reached skill level 1 in Shields
 17464 | Lair:5   | Identified the +1 leather armour "Sabrexew" {Rampage rElec
                  | rCorr}
 17770 | Lair:5   | Reached skill level 17 in Ranged Weapons
 17770 | Lair:5   | Reached skill level 2 in Shields
 17944 | Lair:5   | Reached skill level 3 in Shields
 17956 | Lair:5   | You pick up a book of Necromancy and begin reading...
 18193 | Lair:5   | Found a corrupted altar of Lugonu.
 18193 | Lair:5   | Found a one-way gate to the infinite horrors of the Abyss.
 18208 | Lair:5   | Reached skill level 4 in Shields
 18233 | Lair:5   | Identified the +0 scale mail of Impressiveness {rCorr}
 18508 | D:11     | Noticed Josephine
 18514 | D:11     | Killed Josephine
 18676 | D:11     | Reached skill level 18 in Ranged Weapons
 18737 | D:11     | Reached skill level 5 in Shields
 18953 | D:11     | Reached skill level 12 in Dodging
 19027 | D:12     | Noticed Nessos
 19030 | D:12     | Nessos changed into Nessos the ogre
 19030 | D:12     | Noticed Nessos
 19032 | D:12     | Killed Nessos the ogre
 19061 | D:12     | Reached skill level 11 in Fighting
 19104 | D:12     | Reached skill level 10 in Invocations
 19253 | D:12     | Acquired a manual of Fighting
 19493 | D:12     | Reached XP level 15. HP: 72/86 MP: 23/23
 19548 | D:12     | Noticed Erolcha
 19562 | D:12     | Reached skill level 12 in Fighting
 19563 | D:12     | Killed Erolcha
 19575 | D:12     | Reached skill level 13 in Dodging
 19832 | D:13     | Found Sabouk's Distillery.
 20148 | D:13     | Found a gate to the Vaults.
 20545 | D:14     | Found a gate leading to a gauntlet.
 20556 | Gauntlet | Entered a Gauntlet
 20556 | Gauntlet | Found a transporter.
 20556 | Gauntlet | Found a transporter.
 20556 | Gauntlet | Found a transporter.
 20557 | Gauntlet | Found a transporter.
 20595 | Gauntlet | Found a transporter.
 20597 | Gauntlet | Found a transporter.
 20609 | Gauntlet | Found a transporter.
 20621 | Gauntlet | Reached ****** piety under Hepliaklqana
 20627 | Gauntlet | Found a transporter.
 20645 | Gauntlet | Found a transporter.
 20646 | Gauntlet | Found a transporter.
 20654 | Gauntlet | Found a transporter.
 20656 | Gauntlet | Found a transporter.
 20773 | Gauntlet | Identified the ring "Waetun Cana" {Str+6 SInv}
 20781 | Gauntlet | You pick up a book of Lightning and begin reading...
 20830 | Gauntlet | Identified the ring "Jiosoga" {rPois rCorr}
 20849 | Gauntlet | Identified the +0 tower shield of Untold Secrets {*Corrode
                  | Str+4 SInv}
 20849 | Gauntlet | a minotaur comes into view. It is wielding a +0 trident of
                  | protection, wearing the +8 orange crystal plate armour
                  | {Archmagi, Int+3 Clar}, wearing the +0 tower shield of
                  | Untold Secrets {*Corrode Str+4 SInv} and quivering silver
                  | javelins.
 20883 | Gauntlet | You pick up a book of Touch and begin reading...
 20883 | Gauntlet | You add the spells Kiss of Death and Dispel Undead to your
                  | library.
 20883 | Gauntlet | You add the spells Scorch, Summon Guardian Golem and Flame
                  | Wave to your library.
 20883 | Gauntlet | Got Sif Muna's Atlas of Production and Fever
 20895 | Gauntlet | Got Sif Muna's Octavo of the Excursion and Adjuration {@e2}
 20897 | Gauntlet | Identified the +2 war axe "Zynuasu" {vamp, rF++ rN+ SInv
                  | Stlth-}
 20900 | Gauntlet | N - +0 shadow dragon scales {rare}
 20910 | Gauntlet | Could not pick up the +8 orange crystal plate armour
                  | {Archmagi, Int+3 Clar, rare=g} here; ([A]lways) ignore it?
 21110 | D:14     | Reached skill level 13 in Fighting
 21113 | D:14     | Reached skill level 14 in Dodging
 22151 | D:15     | Entered Level 15 of the Dungeon
 22216 | D:15     | You drop +0 shadow dragon scales {rare}.
 22788 | D:15     | Reached skill level 11 in Invocations
 22963 | D:14     | Reached skill level 14 in Fighting
 23073 | D:15     | Found Icixudal's Jewellery Shoppe.
 23076 | D:15     | Reached skill level 15 in Dodging
 23076 | D:15     | Found Kuucon's Antique Weapon Emporium.
 23078 | D:15     | Found Ifuhomm's Armour Boutique.
 23078 | D:15     | Found Dejimniq's Assorted Antiques.
 23103 | D:15     | Bought the +1 ring mail of the Beginning {Dex+6} for 486
                  | gold pieces
 23137 | D:15     | Found a staircase to the Depths.
 23220 | D:15     | Reached XP level 16. HP: 95/95 MP: 25/25
 23540 | D:15     | Found a radiant altar of Vehumet.
 24116 | Shoals:1 | Entered Level 1 of the Shoals
 24186 | Shoals:1 | You pick up a book of Blood and begin reading...
 24186 | Shoals:1 | You add the spells Sublimation of Blood and Summon Hydra to
                  | your library.
 24233 | Shoals:1 | Reached skill level 6 in Armour
 24268 | Lair:3   | Reached skill level 7 in Armour
 24339 | Shoals:1 | Reached skill level 8 in Armour
 24619 | Shoals:1 | You pick up a book of Winter and begin reading...
 24893 | Shoals:1 | You pick up a book of Storms and begin reading...
 24893 | Shoals:1 | You add the spells Static Discharge, Airstrike and Summon
                  | Lightning Spire to your library.
 25531 | Shoals:2 | Reached skill level 15 in Fighting
 25709 | Shoals:2 | You add the spells Ignite Poison, Sticky Flame and Ignition
                  | to your library.
 26408 | Shoals:3 | Reached skill level 9 in Armour
 26430 | Shoals:3 | Noticed Aizul
 27030 | Shoals:3 | Killed Aizul
 27052 | Shoals:3 | Reached skill level 16 in Dodging
 27052 | Shoals:3 | Reached skill level 12 in Invocations
 27171 | Shoals:3 | Reached XP level 17. HP: 102/102 MP: 27/27
 27172 | Shoals:3 | Identified the ring of the Scarab {Ice Contam +Blink rElec
                  | Slay+4}
 27242 | Shoals:3 | Noticed Ilsuiw
 27466 | Shoals:2 | Noticed a kraken
 28192 | Shoals:3 | Reached skill level 16 in Fighting
 28197 | Shoals:3 | Killed Ilsuiw
 28754 | Shoals:4 | Entered Level 4 of the Shoals
 28782 | Shoals:4 | Paralysed by an air elemental for 1 turns
 28784 | Shoals:4 | Paralysed by an air elemental for 1 turns
 28875 | Shoals:4 | Reached skill level 10 in Armour
 28993 | Shoals:4 | Paralysed by an air elemental for 1 turns
 29269 | Shoals:4 | You pick up a book of the Wilderness and begin reading...
 29269 | Shoals:4 | You add the spells Summon Mana Viper and Summon Cactus
                  | Giant to your library.
 29675 | Shoals:4 | Noticed a titan
 29804 | Shoals:4 | Killed a titan
 29900 | Shoals:4 | You pick up a book of Weapons and begin reading...
 29903 | Shoals:4 | Got a barnacled rune of Zot
 30001 | Shoals:4 | Paralysed by an air elemental for 1 turns
 30262 | Shoals:4 | Found a blossoming altar of Fedhas.
 30286 | Shoals:4 | Paralysed by an air elemental for 1 turns
 30316 | Shoals:4 | Reached skill level 17 in Fighting
 30505 | Shoals:4 | Reached skill level 13 in Invocations
 30534 | Shoals:4 | Reached skill level 17 in Dodging
 31181 | Spider:1 | Entered Level 1 of the Spider Nest
 31470 | Spider:1 | Identified the +8 falchion of Fortitude {flame, rElec rC+
                  | rCorr Str-2}
 31590 | Spider:1 | Reached XP level 18. HP: 111/111 MP: 28/28
 32382 | Spider:2 | Reached skill level 18 in Dodging
 32406 | Spider:2 | You add the spells Passage of Golubria and Yara's Violent
                  | Unravelling to your library.
 32653 | Spider:3 | Reached skill level 18 in Fighting
 32667 | Spider:3 | HP: 8/112 [wolf spider simulacrum (27)]
 33303 | Spider:3 | You pick up a book of Rime and begin reading...
 33303 | Spider:3 | You add the spells Frozen Ramparts, Ice Form and Summon Ice
                  | Beast to your library.
 33829 | Spider:2 | Reached skill level 19 in Dodging
 33977 | Spider:3 | Identified the +9 flail of Ostri Wio {distort, rElec rC+}
 34542 | Spider:4 | Entered Level 4 of the Spider Nest
 34644 | Spider:4 | Found a transporter.
 34946 | Spider:3 | Reached skill level 20 in Dodging
 35100 | Spider:4 | Noticed Haunul's ghost (adept GrCj)
 35233 | Spider:4 | Found a transporter.
 35609 | Spider:4 | Reached XP level 19. HP: 117/117 MP: 29/29
 35908 | Spider:4 | Reached skill level 21 in Dodging
 36128 | Spider:4 | Identified a potion of experience
 36139 | Spider:4 | Got a gossamer rune of Zot
 36150 | Spider:4 | Reached XP level 20. HP: 122/122 MP: 30/30
 36696 | Elf:1    | Entered Level 1 of the Elven Halls
 37025 | Elf:1    | Reached skill level 22 in Dodging
 37029 | Elf:1    | Learned a level 3 spell: Portal Projectile
 37031 | Elf:1    | Learned a level 1 spell: Apportation
 37037 | Elf:1    | Learned a level 5 spell: Yara's Violent Unravelling
 37191 | Elf:1    | Reached skill level 1 in Spellcasting
 37209 | Elf:1    | Reached skill level 1 in Translocations
 37216 | Elf:1    | Reached skill level 1 in Hexes
 37458 | Elf:1    | Reached skill level 2 in Spellcasting
 37537 | Elf:1    | Reached skill level 2 in Translocations
 37550 | Elf:1    | Found a runed translucent gate.
 37564 | Elf:1    | Found a runed translucent gate.
 37564 | Elf:1    | Found a runed translucent gate.
 37566 | Elf:1    | Noticed Zonian's ghost (adept SpBr)
 37813 | Elf:1    | Reached skill level 2 in Hexes
 37883 | Elf:1    | You are sucked into a shaft and drop 1 floor!
 37993 | Elf:2    | Reached skill level 3 in Spellcasting
 38003 | Elf:2    | Reached skill level 3 in Translocations
 38012 | Elf:2    | Reached skill level 3 in Hexes
 38190 | Elf:2    | m - a +3 double sword of pain {longrare=g}
 38236 | Elf:2    | a +4 antimagic eveningstar {macerare=g}; a +1 war axe of
                  | electrocution {axe}
 38236 | Elf:2    | a +4 antimagic eveningstar {macerare=g}; a +1 war axe of
                  | electrocution {axe}
 38236 | Elf:2    | Could not pick up a +4 antimagic eveningstar {macerare=g}
                  | here; ([A]lways) ignore it?
 38358 | Elf:2    | Found a runed translucent gate.
 38358 | Elf:2    | Found a runed translucent gate.
 38358 | Elf:2    | Found a runed translucent gate.
 38437 | Elf:2    | Reached skill level 4 in Spellcasting
 38933 | Elf:2    | Reached skill level 4 in Translocations
 39097 | Elf:2    | Found Mijamm's Jewellery Shoppe.
 39274 | Elf:2    | Reached skill level 4 in Hexes
 39379 | Elf:2    | Reached skill level 5 in Spellcasting
 39652 | Elf:3    | Entered Level 3 of the Elven Halls
 39858 | Elf:3    | Reached skill level 5 in Translocations
 40063 | Elf:2    | Found a shimmering blue altar of Sif Muna.
 40287 | Elf:3    | You pick up a book of Fire and begin reading...
 40611 | Elf:3    | Reached skill level 6 in Spellcasting
 40611 | Elf:3    | Reached skill level 5 in Hexes
 40611 | Elf:3    | Reached XP level 21. HP: 126/126 MP: 31/31
 41077 | Elf:3    | Reached skill level 7 in Spellcasting
 41112 | Elf:3    | Reached skill level 6 in Hexes
 41226 | Elf:3    | Identified the +9 mace of the Moth {venom, rElec rF++ rC+
                  | Int+2}
 41226 | Elf:3    | Identified the +2 robe of Agez {Str+3}
 41361 | Elf:3    | Identified the ring "Kefiuv" {rC+ Dex+3}
 41368 | Elf:3    | Reached skill level 7 in Hexes
 41499 | Elf:3    | You drop a +3 double sword of pain {longrare=g}.
 41501 | Elf:3    | Could not pick up a +3 double sword of pain {longrare=g}
                  | here; ([A]lways) ignore it?
 41664 | Elf:3    | You add the spells Shock and Iskenderun's Battlesphere to
                  | your library.
 41664 | Elf:3    | Got the Enchiridion on Lofty Conflict
 41667 | Elf:3    | You pick up a book of Changes and begin reading...
 41669 | Elf:3    | Identified the +0 chain mail of Lawk {Str+2}
 41811 | Elf:3    | You pick up a book of Flames and begin reading...
 42320 | Vaults:1 | Entered Level 1 of the Vaults
 42712 | Vaults:1 | You pick up a book of Weapons and begin reading...
 42951 | Vaults:1 | Reached skill level 5 in Stealth
 43716 | Vaults:1 | You pick up a book of Storms and begin reading...
 43892 | Vaults:1 | Noticed Saint Roka
 43896 | Vaults:1 | Killed Saint Roka
 44149 | Vaults:1 | Reached skill level 6 in Translocations
 44543 | Vaults:2 | Found a magical portal.
 44558 | WizLab   | Entered Tukima's Studio
 44777 | Vaults:2 | Reached XP level 22. HP: 124/133 MP: 33/33
 44829 | Vaults:2 | HP: 20/133 [ironbound frostheart/creeping frost (42)]
 44850 | Vaults:2 | HP: 13/133 [sphinx/divine providence (15)]
 45550 | Vaults:2 | Reached skill level 14 in Invocations
 45696 | Vaults:2 | You pick up a book of the Warp and begin reading...
 45696 | Vaults:2 | You add the spells Manifold Assault, Dispersal and
                  | Disjunction to your library.
 45818 | Vaults:2 | Identified the +1 chain mail "Reklo" {rC+ Will+ Int+2}
 45985 | Vaults:2 | Reached skill level 7 in Translocations
 46389 | Vaults:3 | Found a portal to a secret trove of treasure.
 46401 | Vaults:3 | This trove needs +3 shadow dragon scales to function. Give
                  | it the item?
 46439 | Vaults:3 | Reached skill level 19 in Fighting
 46453 | Vaults:3 | Found a flickering gateway to a bazaar.
 46465 | Bazaar   | Entered a bazaar
 46465 | Bazaar   | Found Raan's Weapon Emporium.
 46547 | Bazaar   | Found Lylov's Assorted Antiques.
 46558 | Bazaar   | Found Uvaaqouq's Jewellery Shoppe.
 46570 | Bazaar   | Found Uhadd's Antique Armour Emporium.
 46636 | Bazaar   | Bought the amulet "Wuduicvi" {Reflect rElec rC+ Int+3 Dex-4
                  | SH+5} for 391 gold pieces
 46636 | Bazaar   | Bought the ring of the Hare {EV+10} for 1024 gold pieces
 46636 | Bazaar   | Found the ring of the Hare {EV+10}
 46660 | Bazaar   | Bought a scroll of summoning for 256 gold pieces
 46660 | Bazaar   | Bought a potion of curing for 81 gold pieces
 46660 | Bazaar   | Bought a potion of heal wounds for 135 gold pieces
 46968 | Vaults:3 | Reached skill level 23 in Dodging
 47894 | Vaults:3 | Found a staircase to the Crypt.
 48103 | Vaults:3 | Reached skill level 15 in Invocations
 48394 | Vaults:4 | Reached XP level 23. HP: 133/140 MP: 30/35
 48970 | Vaults:4 | Reached skill level 20 in Fighting
 49423 | Vaults:4 | Found Cuda's Weapon Boutique.
 49718 | Depths:1 | Entered Level 1 of the Depths
 49762 | Depths:1 | Reached skill level 6 in Shields
 50021 | Depths:1 | Found a shadowy altar of Dithmenos.
 50065 | Depths:1 | Reached skill level 7 in Shields
 50092 | Depths:1 | Found a one-way gate leading to the halls of Pandemonium.
 50146 | Depths:1 | Found a gateway to Hell.
 50171 | Depths:1 | Reached skill level 8 in Shields
 50453 | Depths:1 | Noticed Asterion
 50460 | Depths:1 | Killed Asterion
 50804 | Depths:1 | Reached skill level 9 in Shields
 51189 | Depths:2 | Reached skill level 10 in Shields
 51662 | Depths:2 | Reached skill level 11 in Shields
 51743 | Depths:2 | You pick up a book of Sloth and begin reading...
 52181 | Depths:2 | Reached skill level 12 in Shields
 52181 | Depths:2 | Reached XP level 24. HP: 122/146 MP: 35/35
 52326 | Depths:3 | Noticed Jory
 52331 | Depths:3 | Killed Jory
 52520 | Depths:3 | Reached skill level 13 in Shields
 53007 | Depths:3 | Reached skill level 14 in Shields
 53444 | Depths:3 | Found a one-way gateway to a ziggurat.
 53882 | Depths:4 | Entered Level 4 of the Depths
 54028 | Depths:4 | Reached skill level 15 in Shields
 54122 | Depths:4 | Identified +0 gold dragon scales
 54123 | Depths:4 | Reached skill level 24 in Dodging
 54139 | Depths:4 | +0 gold dragon scales {rare}; a golden dragon corpse
 54141 | Depths:4 | +0 gold dragon scales {rare}; a golden dragon corpse
 54176 | Depths:4 | +0 gold dragon scales {rare}; a golden dragon corpse
 54176 | Depths:4 | +0 gold dragon scales {rare}; a golden dragon corpse
 54176 | Depths:4 | Could not pick up +0 gold dragon scales {rare} here;
                  | ([A]lways) ignore it?
 54260 | Depths:4 | +0 gold dragon scales {rare}; a golden dragon corpse
 54266 | Depths:4 | +0 gold dragon scales {rare}; a golden dragon corpse
 54654 | Depths:4 | Reached skill level 16 in Shields
 54724 | Depths:4 | Found a gate to the Realm of Zot.
 54782 | Depths:4 | Noticed a caustic shrike
 54782 | Depths:4 | Noticed a caustic shrike
 54788 | Depths:4 | Noticed a caustic shrike
 54795 | Depths:4 | Killed a caustic shrike
 54803 | Depths:4 | Killed a caustic shrike
 54811 | Depths:4 | Killed a caustic shrike
 55054 | Depths:4 | Paralysed by a floating eye for 4 turns
 55059 | Depths:4 | HP: 36/146 [spark wasp (25)]
 55490 | Depths:4 | Reached skill level 17 in Shields
 55637 | Depths:4 | Identified the +7 arbalest of Circular Logic {heavy, rPois
                  | Will+}
 55967 | Vaults:5 | Entered Level 5 of the Vaults
 55972 | Vaults:5 | Noticed Margery
 56015 | Vaults:5 | Noticed Sojobo
 56026 | Vaults:5 | Killed Sojobo
 56027 | Vaults:5 | Reached XP level 25. HP: 96/151 MP: 34/35
 56193 | Vaults:5 | Reached skill level 11 in Armour
 56276 | Vaults:5 | Identified the +4 great sword of Nuhaemy {flame, Dex+7}
 56420 | Vaults:5 | Reached skill level 12 in Armour
 56593 | Vaults:5 | Noticed a dread lich
 56597 | Vaults:5 | Killed a dread lich
 56600 | Vaults:5 | Reached skill level 13 in Armour
 56727 | Vaults:5 | Noticed an ancient lich
 56731 | Vaults:5 | Killed an ancient lich
 56896 | Vaults:5 | Reached skill level 14 in Armour
 57078 | Vaults:5 | You add the spells Ensorcelled Hibernation and Lehudib's
                  | Crystal Spear to your library.
 57078 | Vaults:5 | Got the Parchment of Experimentation
 57117 | Vaults:5 | You pick up a book of Vapours and begin reading...
 57117 | Vaults:5 | You add the spells Mephitic Cloud and Freezing Cloud to
                  | your library.
 57140 | Vaults:5 | You pick up a book of Hexes and begin reading...
 57140 | Vaults:5 | You add the spells Anguish, Cause Fear and Enfeeble to your
                  | library.
 57158 | Vaults:5 | Reached skill level 15 in Armour
 57159 | Vaults:5 | +0 shadow dragon scales {rare}; a shadow dragon corpse
 57246 | Vaults:5 | +0 shadow dragon scales {rare}; a shadow dragon corpse
 57294 | Vaults:5 | Identified the +1 long sword "Ebydduoje" {antimagic, Dex+3
                  | SInv}
 57326 | Vaults:5 | +0 shadow dragon scales {rare}; a shadow dragon corpse
 57326 | Vaults:5 | +0 shadow dragon scales {rare}; a shadow dragon corpse
 57326 | Vaults:5 | Could not pick up +0 shadow dragon scales {rare} here;
                  | ([A]lways) ignore it?
 57342 | Vaults:5 | quicksilver dragon scales {rare}; 4 large rocks
                  | {=fthrowing}; a quicksilver dragon skeleton
 57342 | Vaults:5 | quicksilver dragon scales {rare}; 4 large rocks
                  | {=fthrowing}; a quicksilver dragon skeleton
 57342 | Vaults:5 | Could not pick up quicksilver dragon scales {rare} here;
                  | ([A]lways) ignore it?
 57531 | Vaults:5 | Could not pick up a +2 triple sword of electrocution
                  | {longrare=g} here; ([A]lways) ignore it?
 57531 | Vaults:5 | Could not pick up a +2 triple sword of electrocution
                  | {longrare=g} here; ([A]lways) ignore it?
 57602 | Vaults:5 | Identified the ring of the Ancients {rCorr Str+6}
 57602 | Vaults:5 | a fire giant comes into view. It is wielding the +16
                  | obsidian axe {drain, demonic, Mesm Drain Fly SInv} and
                  | wearing the ring of the Ancients {rCorr Str+6}.
 57604 | Vaults:5 | Here: a fire giant, wielding the +16 obsidian axe {drain,
                  | demonic, Mesm Drain Fly SInv} and wearing the ring of the
                  | Ancients {rCorr Str+6} (moderately wounded, ally target)
 57620 | Vaults:5 | Found Gyucs's Weapon Shop.
 57686 | Vaults:5 | You pick up a book of the Tundra and begin reading...
 57797 | Vaults:5 | Reached skill level 16 in Invocations
 57802 | Vaults:5 | Reached skill level 16 in Armour
 57962 | Vaults:5 | Reached XP level 26. HP: 158/158 MP: 36/36
 58038 | Vaults:5 | Killed Margery
 58072 | Vaults:5 | a +5 long sword of flaming {long}; +0 shadow dragon scales
                  | {rare}
 58078 | Vaults:5 | You pick up a book of Decay and begin reading...
 58078 | Vaults:5 | You add the spells Cigotuvi's Dreadful Rot and Death
                  | Channel to your library.
 58085 | Vaults:5 | a +5 long sword of flaming {long}; +0 shadow dragon scales
                  | {rare}
 58150 | Vaults:5 | You pick up a book of Conjurations {@e2} and begin
                  | reading...
 58152 | Vaults:5 | Got a silver rune of Zot
 58160 | Vaults:5 | You pick up a book of Death and begin reading...
 58160 | Vaults:5 | You add the spells Animate Dead, Haunt and Infestation to
                  | your library.
 58516 | Zot:1    | Entered Level 1 of the Realm of Zot
 58571 | Zot:1    | Noticed Vv
 58602 | Zot:1    | Killed Vv
 58928 | Zot:1    | quicksilver dragon scales {rare}; a quicksilver dragon
                  | skeleton
 58942 | Zot:1    | Identified the +5 scale mail "Nogote" {rPois rF+ rC++}
 59139 | Zot:1    | You pick up a book of Burglary and begin reading...
 59139 | Zot:1    | You add the spells Passwall and Swiftness to your library.
 59555 | Vaults:5 | 4 large rocks {=fthrowing}; quicksilver dragon scales
                  | {rare}
 59721 | D:13     | Bought a potion of resistance for 130 gold pieces
 59721 | D:13     | Bought a potion of invisibility for 104 gold pieces
 59721 | D:13     | Bought a potion of might for 52 gold pieces
 59721 | D:13     | Bought a potion of resistance for 130 gold pieces
 59721 | D:13     | Bought a potion of might for 52 gold pieces
 59925 | Zot:1    | Reached skill level 21 in Fighting
 59956 | Zot:1    | +0 shadow dragon scales {rare}; a shadow dragon corpse
 59960 | Zot:1    | +0 shadow dragon scales {rare}; a shadow dragon corpse
 60000 | Zot:1    | +0 shadow dragon scales {rare}; a shadow dragon corpse
 60066 | Zot:2    | Noticed an electric golem
 60091 | Zot:1    | Killed an electric golem
 60373 | Zot:2    | Found the ring of the Mage {Wiz Archmagi}
 60423 | Zot:2    | Found a transporter.
 60441 | Zot:2    | Noticed a Killer Klown
 60444 | Zot:2    | Killed a Killer Klown
 60571 | Zot:2    | Reached skill level 25 in Dodging
 60812 | Zot:1    | F - +0 shadow dragon scales {rare}
 61123 | Vaults:3 | This trove needs +3 shadow dragon scales to function. Give
                  | it the item?
 61123 | Vaults:3 | your +0 shadow dragon scales {rare} glow green for a
                  | moment.
 61124 | Vaults:3 | your +1 shadow dragon scales {rare} glow green for a
                  | moment.
 61125 | Vaults:3 | your +2 shadow dragon scales {rare} glow green for a
                  | moment.
 61149 | Vaults:3 | This trove needs +3 shadow dragon scales to function. Give
                  | it the item?
 61149 | Vaults:3 | You paid a toll of +3 shadow dragon scales to enter a
                  | treasure trove
 61150 | Trove    | Entered a treasure trove
 61157 | Trove    | Identified the +11 crystal plate armour "Pipp" {Int+2 SInv
                  | Stlth+}
 61158 | Trove    | f - the +11 crystal plate armour "Pipp" {Int+2 SInv Stlth+,
                  | rare=g}
 61174 | Trove    | Identified the ring "Togy" {rElec rC+ Str+9 Stlth-}
 61176 | Trove    | Identified the +5 sling "Voacwen" {elec, rElec Will++
                  | Dex+4}
 61202 | Trove    | You drop the +11 crystal plate armour "Pipp" {Int+2 SInv
                  | Stlth+, rare=g}.
 61213 | Trove    | f - the +11 crystal plate armour "Pipp" {Int+2 SInv Stlth+,
                  | rare=g}
 61218 | Trove    | You drop the +11 crystal plate armour "Pipp" {Int+2 SInv
                  | Stlth+, rare=g}.
 61649 | Zot:2    | Found a transporter.
 61654 | Zot:2    | Identified the ring of Xoblaoh Puon {*Corrode rElec rPois
                  | Str+6 SInv}
 61674 | Zot:3    | Noticed an orb of fire
 61679 | Zot:3    | Killed an orb of fire
 62296 | Zot:2    | HP: 10/161 [red draconian scorcher/damnation[a black
                  | draconian knight] (38)]
 62634 | Zot:2    | Reached skill level 22 in Fighting
 63084 | Zot:3    | Noticed an orb of fire
 63091 | Zot:3    | Killed an orb of fire
 63159 | Zot:3    | Upgraded the game from 0.31-a0-4-gefa6de2278 to
                  | 0.31-a0-7-g51783674b7
 63396 | Zot:3    | Noticed a curse toe
 63403 | Zot:3    | Killed a curse toe
 63652 | Zot:3    | Identified +0 gold dragon scales
 63659 | Zot:3    | Identified +0 gold dragon scales
 64278 | Zot:4    | Noticed Grunn
 64290 | Zot:4    | Killed Grunn
 64317 | Zot:4    | Noticed a curse toe
 64322 | Zot:4    | Killed a curse toe
 64638 | Zot:4    | +0 storm dragon scales {rare}; a storm dragon corpse
 64927 | Zot:4    | Identified +0 gold dragon scales
 65133 | Zot:4    | Reached XP level 27. HP: 167/167 MP: 36/36
 65531 | Shoals:1 | Identified the +0 animal skin of Proximity {Str+3 Dex+3}
 65772 | D:15     | Bought the ring "Jesefuk" {rElec rN+ Str+6 Int-3} for 622
                  | gold pieces
 66558 | Zot:4    | Noticed an orb of fire
 66569 | Zot:4    | Killed an orb of fire
 66763 | Zot:4    | Noticed an orb of fire
 66778 | Zot:4    | Killed an orb of fire
 66780 | Zot:4    | Reached skill level 23 in Fighting
 66780 | Zot:4    | Reached skill level 26 in Dodging
 67432 | Zot:5    | Entered Level 5 of the Realm of Zot
 68271 | Zot:5    | Noticed an orb of fire
 68277 | Zot:5    | HP: 36/169 [orb of fire/fireball (19)]
 68277 | Zot:5    | HP: 16/169 [orb of fire/fireball (20)]
 68279 | Zot:5    | Killed an orb of fire
 68279 | Zot:5    | Noticed an orb of fire
 68280 | Zot:5    | Gained mutation: Potions are less effective at restoring
                  | your health. [an orb of fire]
 68605 | Zot:5    | Killed an orb of fire
 68605 | Zot:5    | Noticed an orb of fire
 68610 | Zot:5    | Killed an orb of fire
 68611 | Zot:5    | Noticed a dread lich
 68619 | Zot:5    | Killed a dread lich
 68721 | Zot:5    | Noticed an orb of fire
 68732 | Zot:5    | Killed an orb of fire
 68837 | Zot:5    | Noticed an orb of fire
 68854 | Zot:5    | Killed an orb of fire
 69026 | Zot:5    | Noticed an orb of fire
 69040 | Zot:5    | Killed an orb of fire
 69041 | Zot:5    | Reached skill level 24 in Fighting
 69041 | Zot:5    | Reached skill level 27 in Dodging
 69041 | Zot:5    | Noticed an orb of fire
 69051 | Zot:5    | Killed an orb of fire
 69057 | Zot:5    | Noticed an electric golem
 69061 | Zot:5    | Noticed an orb of fire
 69497 | Zot:5    | Noticed an orb of fire
 69715 | Zot:5    | Gained mutation: You are frail. (-10% HP) [an orb of fire]
 69728 | Zot:4    | Gained mutation: Your body sometimes deteriorates upon
                  | taking damage. [an orb of fire]
 69731 | Zot:4    | Killed an orb of fire
 69987 | Zot:4    | Killed an orb of fire
 70502 | Zot:5    | +0 storm dragon scales {rare}; a storm dragon corpse
 70504 | Zot:5    | +0 storm dragon scales {rare}; a storm dragon corpse
 70516 | Zot:4    | Lost mutation: Your body sometimes deteriorates upon taking
                  | damage. [potion of mutation]
 70516 | Zot:4    | Lost mutation: Potions are less effective at restoring your
                  | health. [potion of mutation]
 70516 | Zot:4    | Lost mutation: You are frail. (-10% HP) [potion of
                  | mutation]
 70516 | Zot:4    | Gained mutation: Your magical capacity is low. (-10% MP)
                  | [potion of mutation]
 70516 | Zot:4    | Gained mutation: You are somewhat resistant to further
                  | mutation. [potion of mutation]
 70517 | Zot:4    | Lost mutation: You are somewhat resistant to further
                  | mutation. [potion of mutation]
 70517 | Zot:4    | Lost mutation: Your magical capacity is low. (-10% MP)
                  | [potion of mutation]
 70517 | Zot:4    | Gained mutation: Armour fits poorly on your strangely
                  | shaped body. [potion of mutation]
 70517 | Zot:4    | Gained mutation: Your natural rate of healing is unusually
                  | fast. [potion of mutation]
 70543 | Zot:5    | +0 storm dragon scales {rare}; a storm dragon corpse
 70584 | Zot:5    | Reached skill level 25 in Fighting
 70759 | Zot:5    | Noticed an electric golem
 70798 | Zot:5    | +0 storm dragon scales {rare}; a storm dragon skeleton
 70810 | Zot:5    | +0 storm dragon scales {rare}; a storm dragon skeleton
 71313 | Zot:5    | Killed an electric golem
 71511 | Zot:5    | Killed an electric golem
 71899 | Zot:5    | Got the Orb of Zot
 72204 | D:14     | Noticed Yvvaomis the pandemonium lord
 72206 | D:14     | Gained mutation: Your spells are a little easier to cast,
                  | but a little less powerful. [a neqoxec]
 72515 | D:1      | Noticed Laeticw the pandemonium lord
 72545 | D:$      | Escaped with the Orb!

Vanquished Creatures
  An ancient lich (Vaults:5)
  8 orbs of fire
  A dread lich (Zot:5)
  Sojobo (Vaults:5)
  3 Killer Klowns
  Margery (Vaults:5)
  Saint Roka (Vaults:1)
  3 caustic shrikes (Depths:4)
  8 golden dragons
  A bone dragon (Depths:4)
  A doom hound (Zot:4)
  3 electric golems
  Asterion (Depths:1)
  12 tentacled monstrosities
  2 liches
  3 deep elf master archers (Elf:3)
  17 Orb Guardians
  4 titans
  5 quicksilver dragons
  8 sphinxes
  9 death cobs
  5 storm dragons
  6 draconian monks
  5 shadow dragons
  5 tengu reavers (Vaults:5)
  Ilsuiw (Shoals:3)
  7 fire giants
  11 vault wardens
  5 draconian scorchers
  5 draconian knights
  10 deep elf sorcerers
  2 emperor scorpions (Spider:4)
  An iron dragon (Vaults:5)
  Aizul (Shoals:3)
  5 frost giants
  5 deep elf elementalists (Elf:3)
  A juggernaut zombie (Depths:2)
  5 draconian shifters
  6 ghost moths
  A draconian stormcaller (Depths:4)
  3 orc warlords
  A draconian annihilator (Zot:3)
  A spriggan defender (Depths:3)
  13 ironbound preservers
  13 stone giants
  3 vampire knights (Depths:4)
  14 very ugly things
  7 ironbound thunderhulks
  4 green draconians
  5 broodmothers
  4 deep elf demonologists
  8 deep elf annihilators
  6 black draconians
  A minotaur (Gauntlet)
  9 purple draconians
  2 white draconians
  16 dire elephants
  4 red draconians
  9 yellow draconians
  15 spark wasps
  3 deep elf death magi (Elf:3)
  8 merfolk javelineers
  4 fire dragons
  A green death (D:12)
  A crystal guardian (Vaults:2)
  9 entropy weavers
  8 ettins
  8 merfolk impalers
  9 yaktaur captains
  Josephine (D:11)
  6 deep elf high priests
  2 great orbs of eyes
  2 ice dragons
  24 vault guards
  A great orb of eyes (shapeshifter) (Vaults:5)
  A hydra (shapeshifter) (Lair:5)
  4 hydras
  2 merfolk avatars
  Erolcha (D:12)
  4 rakshasas (WizLab)
  A peacekeeper (Vaults:2)
  A catoblepas (Lair:4)
  A jorogumo (Spider:3)
  4 spriggan air magi
  3 centaur warriors
  5 radroaches
  9 ironbound frosthearts
  31 dancing weapons
  2 merfolk aquamancers
  An alligator snapping turtle (Shoals:4)
  3 death yaks
  6 boulder beetles
  A deep troll earth mage (Depths:4)
  4 satyrs
  11 two-headed ogres
  6 deep troll shamans
  A satyr (shapeshifter) (Vaults:5)
  A vampire mage (Depths:2)
  Urug (Lair:5)
  3 tengu warriors
  3 thrashing horrors (Lair:5)
  3 hell hogs (Depths:1)
  3 orc high priests (Orc:2)
  12 hell knights
  A spriggan berserker (Depths:3)
  9 deep elf knights
  A storm dragon zombie (D:15)
  3 skysharks
  2 skysharks (shapeshifter)
  3 pharaoh ants
  4 iron trolls
  A salamander mystic (Depths:4)
  6 skeletal warriors
  A fire crab (Lair:5)
  A goliath frog (shapeshifter) (Vaults:5)
  45 deep trolls
  9 sea snakes
  11 orb spiders
  A shadow wraith (D:13)
  31 slime creatures
  3 glowing orange brains
  3 flayed ghosts
  An orb spider (shapeshifter) (Vaults:5)
  A swamp dragon (D:14)
  15 ironbound convokers
  A shadow demon (Depths:2)
  7 wizards
  2 large abominations
  6 lindwurms
  A harpy (shapeshifter) (D:14)
  8 wolf spiders
  A phantasmal warrior (Vaults:4)
  5 steelbarb worms
  A shadow dragon zombie (D:15)
  12 harpies
  20 deep elf pyromancers
  12 necromancers
  8 deep elf archers
  Pikel (D:6)
  22 deep elf zephyrmancers
  A sphinx zombie (Depths:2)
  7 orc knights
  A shadow dragon skeleton (Depths:3)
  2 oklob plants (Shoals:1)
  2 tengu skeletons (Vaults:3)
  11 cyclopes
  13 manticores
  8 orc sorcerers
  3 fire giant zombies
  25 fauns
  A will-o-the-wisp (D:14)
  23 ugly things
  6 salamanders (Depths:4)
  4 elephants
  A sphinx skeleton (Vaults:3)
  9 merfolk sirens
  A stone giant skeleton (Vaults:1)
  23 moths of wrath
  An iron dragon skeleton (Depths:2)
  A black mamba (Lair:4)
  4 demonic crawlers
  A smoke demon (Lair:5)
  17 vault sentinels
  A gargoyle (D:12)
  A fire giant skeleton (Depths:1)
  9 water nymphs
  A black mamba (shapeshifter) (Elf:2)
  A cane toad (shapeshifter) (D:14)
  A frost giant skeleton (Depths:1)
  5 torpor snails
  2 elf skeletons
  5 cane toads
  An unseen horror (D:12)
  A hellion (Zot:4)
  5 komodo dragons
  A kobold demonologist (Depths:3)
  23 yaktaurs
  2 tengu conjurers (Gauntlet)
  An ancient zyme (Lair:5)
  2 efreet
  20 merfolk
  2 yaktaur skeletons (Vaults:3)
  2 trolls
  An ice devil (Zot:4)
  3 meliai (Spider:2)
  4 wind drakes
  A meliai (shapeshifter) (Vaults:5)
  A guardian mummy (D:15)
  A troll (shapeshifter) (Depths:4)
  5 hornets
  A raiju (shapeshifter) (Vaults:5)
  15 tarantellas
  16 blink frogs
  A wind drake (shapeshifter) (Elf:3)
  10 dream sheep
  11 snapping turtles
  A frost giant simulacrum (Depths:1)
  16 jumping spiders
  Sigmund (D:4)
  3 spriggans
  5 wraiths
  7 air elementals (Shoals:4)
  14 culicivoras
  3 ynoxinuls (Lair:5)
  21 water elementals
  2 wyverns
  A shadow (D:12)
  5 basilisks
  40 yaks
  A steam dragon (D:7)
  15 small abominations
  3 fire elementals
  4 chaos spawn (Lair:5)
  8 vampire mosquitoes
  Menkaure (D:4)
  49 redbacks
  An acid dragon (D:12)
  6 wargs
  8 water moccasins
  A hell hound (Gauntlet)
  4 ice beasts
  A sky beast (D:7)
  An ogre skeleton (Vaults:3)
  A black bear (Lair:3)
  A glowing shapeshifter skeleton (D:15)
  20 orc warriors
  23 ogres
  8 wolves
  3 lemures (D:7)
  5 centaurs
  2 kobold brigands (Depths:3)
  3 earth elementals
  2 gnoll sergeants
  8 scorpions
  13 bullfrogs
  3 human skeletons
  2 wights (D:8)
  4 howler monkeys
  3 electric eels
  A hound (D:6)
  9 orc priests
  A sleepcap (D:6)
  A gnoll bouda (D:9)
  2 iguanas
  13 orc wizards
  13 gnolls
  7 adders
  A shadow imp (D:6)
  2 white imps
  An ufetubus (D:6)
  A worm (Lair:2)
  2 dart slugs
  36 orcs
  4 ball pythons
  6 bats
  4 endoplasms
  4 giant cockroaches
  2 goblins
  7 hobgoblins
  13 kobolds
  8 quokkas
  2 frilled lizards (D:3)
  6 rats
  A bush (Shoals:1)
1583 creatures vanquished.

Vanquished Creatures (collateral kills)
  A dread lich (Vaults:5)
  5 orbs of fire
  Vv (Zot:1)
  2 curse toes
  Jory (Depths:3)
  4 golden dragons
  A doom hound (Zot:4)
  4 hellephants
  7 tentacled monstrosities
  Jorgrun (Orc:2)
  12 Orb Guardians
  A lich (Vaults:5)
  4 quicksilver dragons
  A titan (Shoals:4)
  Grunn (Zot:4)
  2 deep elf blademasters (Elf:3)
  2 sphinxes
  A tengu reaver (Vaults:5)
  4 storm dragons
  A draconian monk (Zot:5)
  2 draconian knights
  2 shadow dragons
  3 fire giants
  A frost giant (Depths:4)
  2 draconian scorchers (Zot:2)
  9 vault wardens
  3 deep elf sorcerers
  An emperor scorpion (Spider:2)
  A ghost moth (Zot:3)
  3 deep elf elementalists
  6 very ugly things
  A draconian shifter (Zot:1)
  A caustic shrike skeleton (Depths:2)
  3 draconian stormcallers
  6 ironbound preservers
  3 draconian annihilators
  3 stone giants
  A juggernaut skeleton (Depths:3)
  A juggernaut zombie (Depths:3)
  2 broodmothers
  2 ironbound thunderhulks (Vaults:4)
  2 green draconians
  2 spark wasps (Depths:3)
  3 black draconians
  2 deep elf annihilators (Elf:3)
  A deep elf demonologist (Elf:3)
  4 purple draconians
  5 red draconians
  2 white draconians
  6 dire elephants
  3 yellow draconians
  A merfolk impaler (Shoals:3)
  3 deep elf death magi (Elf:3)
  2 fire dragons (Shoals:1)
  3 yaktaur captains
  3 entropy weavers
  5 deep elf high priests
  5 vault guards (Vaults:5)
  2 hydras
  An ice dragon (Depths:4)
  A hell beast (Gauntlet)
  3 rakshasas
  A centaur warrior (Vaults:2)
  An ironbound frostheart (Vaults:3)
  2 ogre magi (Vaults:5)
  A boulder beetle (D:13)
  A radroach (Spider:1)
  4 merfolk aquamancers
  A two-headed ogre (Vaults:5)
  2 dancing weapons (Elf:2)
  4 hell hogs (Depths:1)
  A deep troll shaman (Depths:1)
  A death yak (Lair:4)
  7 hell knights
  2 spriggan berserkers (Depths:3)
  A storm dragon zombie (Depths:3)
  6 deep elf knights
  A skeletal warrior (Vaults:3)
  2 pharaoh ants
  An iron troll (Depths:4)
  A salamander mystic (Depths:4)
  A spark wasp zombie (Depths:2)
  2 sea snakes
  A sun moth (Spider:3)
  An orb spider (Spider:4)
  A steelbarb worm (Spider:3)
  14 deep trolls
  A glowing orange brain (Depths:3)
  4 ironbound convokers
  4 deep elf archers
  A golden dragon skeleton (Depths:2)
  6 orc knights
  2 wizards
  4 necromancers
  3 deep elf pyromancers
  4 deep elf zephyrmancers
  A manticore (Shoals:4)
  A shadow dragon zombie (Depths:3)
  A harpy (Vaults:4)
  A sphinx zombie (Depths:3)
  7 wolf spiders
  8 ugly things
  2 fauns (Shoals:1)
  A cyclops (Shoals:2)
  7 moths of wrath
  A tengu skeleton (Vaults:3)
  2 merfolk sirens (Shoals:4)
  A water nymph (Shoals:1)
  2 vault sentinels
  3 cane toads
  2 elephants (Lair:5)
  A demonic crawler (Spider:2)
  An elf skeleton (Vaults:3)
  3 smoke demons
  A gargoyle (D:14)
  An orange demon (Depths:2)
  2 storm dragon simulacra (Depths:3)
  3 torpor snails
  5 yaktaurs
  A human skeleton (Vaults:3)
  A red devil (Depths:2)
  10 merfolk
  2 wind drakes (Shoals:4)
  A troll (Orc:1)
  4 tarantellas
  4 blink frogs
  A blink frog (shapeshifter) (Elf:2)
  7 dream sheep
  4 jumping spiders
  A spriggan zombie (Depths:1)
  7 culicivoras
  A spriggan (Lair:5)
  8 slime creatures
  5 water elementals
  A wyvern (D:9)
  2 air elementals
  2 wraiths
  8 yaks
  19 redbacks
  3 vampire mosquitoes
  2 steam dragons
  A neqoxec (D:14)
  2 wargs
  A two-headed ogre zombie (D:12)
  A hell hound (Gauntlet)
  2 floating eyes
  4 orc warriors
  A black bear (D:5)
  An ice beast (D:6)
  A sky beast (D:8)
  6 ogres
  A large abomination (Gauntlet)
  2 centaurs
  A kobold brigand (D:10)
  An earth elemental (Elf:2)
  A scorpion (D:6)
  A wight (D:8)
  2 howler monkeys (D:13)
  A gnoll bouda (D:9)
  A sleepcap (D:5)
  An iguana (D:5)
  3 orc wizards
  4 gnolls
  A shadow imp (D:5)
  20 orcs
  A giant cockroach (Lair:2)
  A kobold (D:10)
  A bush (D:15)
474 creatures vanquished.

Vanquished Creatures (others)
  A deep elf master archer (Elf:3)
  A draconian scorcher (Zot:2)
  A stone giant (Depths:1)
  2 yaktaur captains
  A merfolk aquamancer (Shoals:4)
  A dancing weapon (Elf:2)
  A deep elf archer (Elf:1)
  6 yaktaurs
  A water elemental (Shoals:1)
  A redback (Spider:3)
  53 knights
  3 ancestors
  2 foxfires (D:14)
  95 fungi
  132 plants
  4 tentacles (Shoals:2)
  4 withered plants
309 creatures vanquished.

Grand Total: 2366 creatures vanquished

Table legend:
 A = Non-vault XP
 B = Vault XP
 C = Vault XP percentage of total XP
 D = Non-vault monster count
 E = Vault monster count
 F = Vault count percentage of total count
                 A         B        C        D         E       F
            +---------+---------+-------+---------+---------+-------
      Total |  736955 |  621028 |  45.7 |    1310 |     747 |  36.3
            +---------+---------+-------+---------+---------+-------
        D:1 |      28 |       7 |  20.0 |      15 |       5 |  25.0
        D:2 |      84 |       0 |   0.0 |      16 |       0 |   0.0
        D:3 |      73 |       0 |   0.0 |      20 |       0 |   0.0
        D:4 |     368 |     395 |  51.8 |       8 |       2 |  20.0
        D:5 |    1170 |       4 |   0.3 |      11 |       1 |   8.3
        D:6 |    1018 |     607 |  37.4 |      21 |       1 |   4.5
        D:7 |    1760 |       0 |   0.0 |      10 |       0 |   0.0
        D:8 |    1705 |       0 |   0.0 |      26 |       0 |   0.0
        D:9 |    3254 |       0 |   0.0 |      35 |       0 |   0.0
       D:10 |    2290 |     419 |  15.5 |      24 |       2 |   7.7
       D:11 |    5268 |    1532 |  22.5 |      19 |       4 |  17.4
       D:12 |    4145 |    7690 |  65.0 |      13 |      23 |  63.9
       D:13 |    6362 |    1628 |  20.4 |      15 |       2 |  11.8
       D:14 |    4523 |    3818 |  45.8 |      11 |       7 |  38.9
       D:15 |    8937 |   11236 |  55.7 |      21 |      19 |  47.5
     Lair:1 |    1779 |       0 |   0.0 |      12 |       0 |   0.0
     Lair:2 |    4538 |     775 |  14.6 |      17 |       9 |  34.6
     Lair:3 |    7957 |    2437 |  23.4 |      31 |       7 |  18.4
     Lair:4 |    7930 |       0 |   0.0 |      23 |       0 |   0.0
     Lair:5 |    6777 |   11902 |  63.7 |      16 |      41 |  71.9
   Shoals:1 |   12861 |    3506 |  21.4 |      27 |       5 |  15.6
   Shoals:2 |   18303 |    1804 |   9.0 |      39 |       2 |   4.9
   Shoals:3 |   14658 |    6753 |  31.5 |      34 |       7 |  17.1
   Shoals:4 |   22264 |   23271 |  51.1 |      47 |      49 |  51.0
   Spider:1 |    8559 |    3165 |  27.0 |      30 |       8 |  21.1
   Spider:2 |   17483 |     850 |   4.6 |      37 |       1 |   2.6
   Spider:3 |   24476 |    3424 |  12.3 |      57 |       7 |  10.9
   Spider:4 |   15275 |   16172 |  51.4 |      40 |      30 |  42.9
      Orc:1 |    2537 |       0 |   0.0 |      21 |       0 |   0.0
      Orc:2 |    4190 |   10223 |  70.9 |      22 |      26 |  54.2
      Elf:1 |   15391 |    6927 |  31.0 |      24 |      11 |  31.4
      Elf:2 |   18440 |   24529 |  57.1 |      31 |      33 |  51.6
      Elf:3 |   14341 |   46381 |  76.4 |      25 |      41 |  62.1
   Vaults:1 |   20693 |   20371 |  49.6 |      36 |      38 |  51.4
   Vaults:2 |   25315 |   20257 |  44.5 |      40 |      27 |  40.3
   Vaults:3 |   28306 |   37064 |  56.7 |      38 |      54 |  58.7
   Vaults:4 |   28645 |   24914 |  46.5 |      47 |      32 |  40.5
   Vaults:5 |   25951 |  131021 |  83.5 |      33 |     116 |  77.9
   Depths:1 |   30617 |   13280 |  30.3 |      35 |      11 |  23.9
   Depths:2 |   35974 |    2228 |   5.8 |      43 |       5 |  10.4
   Depths:3 |   35864 |   20894 |  36.8 |      45 |      21 |  31.8
   Depths:4 |   51648 |   18050 |  25.9 |      53 |      16 |  23.2
      Zot:1 |   22230 |    2905 |  11.6 |      20 |       1 |   4.8
      Zot:2 |   31250 |       0 |   0.0 |      23 |       0 |   0.0
      Zot:3 |   38793 |   13024 |  25.1 |      25 |       8 |  24.2
      Zot:4 |   49014 |   28383 |  36.7 |      34 |      18 |  34.6
      Zot:5 |   53911 |   86931 |  61.7 |      40 |      36 |  47.4
     WizLab |       0 |    7575 | 100.0 |       0 |       9 | 100.0
   Gauntlet |       0 |    4676 | 100.0 |       0 |      12 | 100.0
            +---------+---------+-------+---------+---------+-------

Skill      XL: |  1  2  3  4  5  6  7  8  9 10 11 12 13 14 15 16 17 18 19 20 21 22 23 24 25 26 27 |
---------------+----------------------------------------------------------------------------------+-----
Ranged Weapons | 5 6 7 8 9 11 12 13 14 16 18 | 18.0
Dodging        | 3 4 5 6 7 8 9 10 11 12 15 16 17 20 21 22 23 24 25 27 | 27.0
Fighting       | 3 4 5 7 8 9 10 11 14 15 17 18 19 20 22 25 | 25.7
Invocations    | 3 7 8 9 10 11 12 13 15 16 | 16.0
Stealth        | 3 4 5 |  5.0
Armour         | 2 5 9 10 16 | 16.0
Shields        | 5 12 17 | 17.2
Spellcasting   | 6 7 |  7.0
Translocations | 5 6 7 |  7.0
Hexes          | 5 7 |  7.0

Action                     |  1- 3 |  4- 6 |  7- 9 | 10-12 | 13-15 | 16-18 | 19-21 | 22-24 | 25-27 || total
---------------------------+-------+-------+-------+-------+-------+-------+-------+-------+-------++-------
  Melee: Shortbow          |       |     1 |       |       |       |       |       |       |       ||     1
   Fire: Shortbow          |    68 |   100 |   195 |   385 |       |       |       |       |       ||   748
         Longbow           |       |       |       |   155 |   263 |       |       |       |       ||   418
         Hand crossbow     |       |       |       |       |   406 |   830 |   545 |  1328 |  1344 ||  4453
   Cast: Apportation       |       |       |       |       |       |       |     2 |       |       ||     2
 Invoke: Recall Ancestor   |       |       |     2 |     3 |     4 |    13 |     7 |     3 |    16 ||    48
         Ancestor Life: Kn |       |       |     1 |       |       |       |       |       |       ||     1
         Idealise          |       |       |       |     4 |     5 |    11 |     7 |     9 |    16 ||    52
         Transference      |       |       |       |     2 |     1 |       |     1 |     1 |     1 ||     6
  Evoke: Wand              |       |       |       |       |     3 |       |       |       |     7 ||    10
    Use: Potion            |       |     7 |       |     1 |     3 |     3 |     1 |       |    28 ||    43
         Scroll            |       |     7 |     6 |    15 |     9 |     6 |    13 |     6 |    20 ||    82
 Armour: Leather armour    |    14 |       |     5 |     4 |     6 |       |       |       |       ||    29
         Skin              |       |    35 |       |       |       |       |       |       |     2 ||    37
         Ring mail         |       |       |       |       |       |    78 |     9 |    14 |    20 ||   121
  Dodge: Dodged            |    17 |     5 |    25 |    60 |    80 |   643 |   194 |   522 |   478 ||  2024
         Repelled          |       |       |       |       |       |       |     2 |     5 |    12 ||    19
  Block: Buckler           |       |       |       |       |    16 |   173 |    53 |   193 |       ||   435
         Reflection        |       |       |       |       |       |       |       |     6 |    22 ||    28
         Kite shield       |       |       |       |       |       |       |       |    69 |   331 ||   400

Illustrated notes

Table legend:
 A = Kills in this place as a percentage of kills in the entire game.
 B = Kills by you in this place as a percentage of kills by you in the entire game.
 C = Kills by friends in this place as a percentage of kills by friends in the entire game.
 D = Other kills in this place as a percentage of other kills in the entire game.
 E = Experience gained in this place as a percentage of experience gained in the entire game.
 F = Experience gained in this place divided by the number of levels of this place that you have seen.
                   A       B       C       D       E      F
               +-------+-------+-------+-------+-------+----------------------
         Total | 100.0 | 100.0 | 100.0 | 100.0 | 100.0 | 25798.5
       Dungeon |  16.2 |  17.7 |  11.6 |   0.0 |   5.3 | 4859.5
          Lair |   7.6 |   8.7 |   3.8 |   0.0 |   3.2 | 8819.0
        Shoals |  10.2 |  10.6 |   8.9 |   7.1 |   7.6 | 25855.0
   Spider Nest |  10.2 |   9.9 |  11.2 |   0.0 |   6.5 | 22351.0
  Orcish Mines |   3.3 |   3.5 |   3.0 |   0.0 |   1.2 | 8475.0
   Elven Halls |   8.0 |   7.9 |   8.0 |  21.4 |   9.2 | 42003.0
        Vaults |  22.3 |  21.8 |  22.8 |  57.1 |  26.5 | 72507.4
        Depths |  11.2 |  10.2 |  14.6 |   7.1 |  15.4 | 52682.2
           Zot |  10.1 |   8.5 |  15.2 |   7.1 |  24.1 | 65806.0
        Wizlab |   0.4 |   0.5 |   0.2 |   0.0 |   0.6 | 7575.0
      Gauntlet |   0.6 |   0.6 |   0.6 |   0.0 |   0.3 | 4676.0
               +-------+-------+-------+-------+-------+----------------------

Table legend: (Time is in decaauts)
 A = Elapsed time spent in this place.
 B = Non-inter-level travel time spent in this place.
 C = Inter-level travel time spent in this place.
 D = Time resting spent in this place.
 E = Time spent auto-exploring this place.
 F = Levels seen in this place.
 G = Mean time per level.
                   A        B        C        D        E       F      G
               +--------+--------+--------+--------+--------+-----+--------+
         Total |  69655 |  63720 |   5935 |  16415 |  22985 |  53 | 1314.2 |
       Dungeon |  15957 |  14078 |   1879 |   1466 |   9231 |  15 | 1063.8 |
        Temple |    216 |    185 |     31 |      0 |    176 |   1 |  216.0 |
          Lair |   5938 |   5454 |    484 |    921 |   3205 |   5 | 1187.6 |
        Shoals |   6885 |   6535 |    350 |   2269 |   1820 |   4 | 1721.2 |
   Spider Nest |   5263 |   4948 |    315 |   1882 |    985 |   4 | 1315.8 |
  Orcish Mines |   2085 |   1778 |    307 |    254 |    702 |   2 | 1042.5 |
   Elven Halls |   5264 |   4980 |    284 |   1349 |   1754 |   3 | 1754.7 |
        Vaults |   9823 |   8742 |   1081 |   1648 |   2337 |   5 | 1964.6 |
        Depths |   6548 |   5725 |    823 |   1540 |   2013 |   4 | 1637.0 |
           Zot |  10842 |  10465 |    377 |   5023 |    517 |   5 | 2168.4 |
        Bazaar |    264 |    264 |      0 |      0 |     99 |   2 |  132.0 |
         Trove |     65 |     65 |      0 |      0 |      0 |   1 |   65.0 |
        Wizlab |    153 |    153 |      0 |     33 |      0 |   1 |  153.0 |
      Gauntlet |    346 |    346 |      0 |     26 |    142 |   1 |  346.0 |
               +--------+--------+--------+--------+--------+-----+--------+

Top non-repeatable levels by time:
   Zot:5: 3367 daAuts
   Zot:4: 2879 daAuts
   Elf:3: 2309 daAuts
Vaults:5: 2307 daAuts
Vaults:1: 2167 daAuts
Shoals:4: 2165 daAuts
Vaults:3: 2044 daAuts
Vaults:2: 2034 daAuts
   Zot:3: 1999 daAuts
Shoals:2: 1881 daAuts
  Lair:5: 1830 daAuts
Depths:3: 1806 daAuts
Depths:1: 1798 daAuts
    D:15: 1737 daAuts
Spider:2: 1728 daAuts
